Workbook
Name __xlnm.Print_Area: #REF!
Name __xlnm.Print_Area_1: #REF!
Name __xlnm.Print_Area_2: #REF!
Name __xlnm.Print_Area_3: #REF!
Name __xlnm.Print_Titles: #REF!
Name __xlnm.Print_Titles_1: #REF!
Name __xlnm.Print_Titles_2: #REF!
Name __xlnm.Print_Titles_2: #REF!
Name _Toc107475065: DE!#REF!
Name _Toc107475065: FR!#REF!
Name _Toc107475065: IT!#REF!

Sheet DE
A1: Typ | B1: Kapitel | C1: Leistung | D1: Bezeichnung | E1: Interpretation | F1: Abrechnungseinheit | G1: Preis inkl. MWST. | H1: Preis exkl. MWST. | I1: Gültig von | J1: Gültig bis | K1: Kumulationsregeln V9.0 nicht kumulierbar mit
A2: Kapitel | B2: 10 | D2: Allgemeine Leistungen | I2: 46296 | J2: 401768
A3: Kapitel | B3: 10.000 | D3: Informationen zur Versorgung | E3: ALLGEMEINE BESTIMMUNGEN Das abgegebene Rollstuhl-Modell und das Pauschalzubehör sind in der Rollstuhlpauschale enthalten und müssen auf der Rechnung angegeben werden. Behinderungsbedingte Optionen können auf ärztliche Verordnung zusätzlich verrechnet werden. BEGRIFFE HANDROLLSTUHL (HRS) Unter den nachstehenden Kategorien werden Rollstühle verstanden, welche in ihrer Art einer zweckmässigen und gebrauchsfertigen Ausführung entsprechen. Zu einer solchen gehören: - Fester oder faltbarer Rahmen - Hinterräder und schwenkbare Vorderräder - Bremsen - Sitz- und Rückenbezüge - Beinstützen - Armauflagen/Seitenteile Die Kategorien Adaptiv-, Kinder, Spezial- und Elektrorollstühle können auch als Fahrgestell für die Aufnahme von Sitzversorgungen (Sitzorthetik gemäss Tarif SVOT) verwendet werden. Die grundsätzliche Funktionstauglichkeit und Sicherheit muss durch die CE-Kennzeichnung, die Konformitätserklärung und die Produktinformation in Deutsch, Französisch und Italienisch erbracht werden. (Medizinprodukte Verordnung MepV und Richtlinie 93/42/EWG) Es können nur die Positionen zusätzlich verrechnet werden, welche in der Liste der behinderungsbedingten Optionen aufgeführt sind. (Anhang zu "Ärztliche Verordnung zur Abgabe eines Rollstuhls") SITZSCHALENUNTERGESTELLE Unter Sitzschalenuntergestelle werden Rollstühle verstanden, welche in ihrer Art Spezialrollstühlen entsprechen, welche jedoch mit einer Sitzschalenversorgung verbunden sind. ELEKTROROLLSTUHL (ERS) Unter der nachstehenden Kategorie werden Elektrorollstühle verstanden, welche in ihrer Art einer zweckmässigen und gebrauchsfertigen Ausführung entsprechen. Zu einer solchen gehören: - 2 elektromotorisch angetriebene Räder - zwei Lenkräder - Beinstützen - Armauflagen - wartungsfreie Batterien und Ladegerät Die grundsätzliche Funktionstauglichkeit und Sicherheit muss durch die CE-Kennzeichnung, die Konformitätserklärung und die Produktinformation in Deutsch, Französisch, Italienisch erbracht werden. (Medizinprodukte Verordnung MepV und Richtlinie 93/42/EWG) Es können nur die Positionen zusätzlich verrechnet werden, welche in der Liste der behinderungsbedingten Optionen aufgeführt sind. (Anhang zum Formular «Ärztliche Verordnung zur Abgabe eines Rollstuhls») ELEKTROROLLSTUHL FÜR DEN INNENBEREICH (TARIF ZIFFER 90.411.000): Unter der der Position 90.411.000 können nur Elektrorollstühle abgegeben werden, welche nicht den Definitionskriterien der Elektrorollstühle des Kapitels 60 entsprechen. Dabei handelt es sich um einfache Elektrorollstühle für den hauptsächlichen Einsatz im Innenbereich oder den beschränkten Einsatz im Aussenbereich (z.B. faltbare Elektrorollstühle). ELEKTROROLLSTUHL FÜR UNWEGSAMES GELÄNDE (TARIF ZIFFER 90.421.000): Unter der Position 90.421.000 können nur Elektrorollstühle abgegeben werden, welche nicht den Definitionskriterien der Elektrorollstühle des Kapitels 60 entsprechen. Dabei handelt es sich um Elektrorollstühle für den Einsatz in unwegsamen Gelände. ELEKTROANTRIEBE Unter Elektroantriebe werden elektrische Antriebssysteme zu Handrollstühlen verstanden. | I3: 46296 | J3: 401768
A4: Leistung | B4: 10.000 | C4: 10.001.000 | D4: Neuversorgung | E4: Statistische Leistung | F4: CHF | G4: 0 | H4: 0 | I4: 46296 | J4: 401768 | K4: 80; 10.140; 10.002.000; 10.003.000; 10.004.000; 10.020.000; 10.021.000; 10.030.000; 10.031.000
A5: Leistung | B5: 10.000 | C5: 10.002.000 | D5: Folgeversorgung | E5: Statistische Leistung | F5: CHF | G5: 0 | H5: 0 | I5: 46296 | J5: 401768 | K5: 80; 10.140; 10.001.000; 10.003.000; 10.004.000; 10.020.000; 10.021.000; 10.030.000; 10.031.000
A6: Leistung | B6: 10.000 | C6: 10.003.000 | D6: Nachrüstung | E6: Statistische Leistung | F6: CHF | G6: 0 | H6: 0 | I6: 46296 | J6: 401768 | K6: 20; 30; 40; 50; 60; 70, 80.500; 80.550; 10.001.000; 10.002.000; 10.004.000; 10.020.000; 10.021.000; 10.031.000
A7: Leistung | B7: 10.000 | C7: 10.004.000 | D7: Nachrüstung nach Rahmenvereinbarung zur Abgabe von Rollstühlen von 2001 (gültig bis 31.12.2017) | E7: Statistische Leistung; Nur kumulierbar mit Kapitel 80 | F7: CHF | G7: 0 | H7: 0 | I7: 46296 | J7: 401768 | K7: 20; 30; 40; 50; 60; 70; 90; 10.001.000; 10.002.000; 10.003.000; 10.020.000; 10.021.000; 10.031.000; 10.141.000; 10.142.000; 10.145.000; 10.146.000
A8: Leistung | B8: 10.000 | C8: 10.005.000 | D8: Positionsveränderung | E8: Statistische Leistung | F8: CHF | G8: 0 | H8: 0 | I8: 46296 | J8: 401768
A9: Leistung | B9: 10.000 | C9: 10.006.000 | D9: Wachstum | E9: Statistische Leistung | F9: CHF | G9: 0 | H9: 0 | I9: 46296 | J9: 401768
A10: Leistung | B10: 10.000 | C10: 10.007.000 | D10: Postoperativ | E10: Statistische Leistung | F10: CHF | G10: 0 | H10: 0 | I10: 46296 | J10: 401768
A11: Leistung | B11: 10.000 | C11: 10.008.000 | D11: Progredienz | E11: Statistische Leistung | F11: CHF | G11: 0 | H11: 0 | I11: 46296 | J11: 401768
A12: Leistung | B12: 10.000 | C12: 10.008.010 | D12: Abnutzung | E12: Statistische Leistung | F12: CHF | G12: 0 | H12: 0 | I12: 46296 | J12: 401768
A13: Leistung | B13: 10.000 | C13: 10.009.000 | D13: Andere | E13: Statistische Leistung; Angabe des Versorgunggrundes | F13: CHF | G13: 0 | H13: 0 | I13: 46296 | J13: 401768
A14: Leistung | B14: 10.000 | C14: 10.020.000 | D14: Reparatur | E14: Statistische Leistung | F14: CHF | G14: 0 | H14: 0 | I14: 46296 | J14: 401768 | K14: 20; 30; 40; 50; 60; 70; 90; 10.001.000; 10.002.000; 10.003.000; 10.004.000; 10.030.000; 10.031.000; 10.143.000; 10.144.000; 10.145.000; 10.146.000
A15: Leistung | B15: 10.000 | C15: 10.021.000 | D15: Reparatur nach Rahmenvereinbarung zur Abgabe von Rollstühlen von 2001 (gültig bis 31.12.2017) | E15: Statistische Leistung | F15: CHF | G15: 0 | H15: 0 | I15: 46296 | J15: 401768
A16: Leistung | B16: 10.000 | C16: 10.030.000 | D16: Revision | E16: Statistische Leistung; Revision gemäss Herstellerangaben; Nur kumulierbar mit Kapitel 80 | F16: CHF | G16: 0 | H16: 0 | I16: 46296 | J16: 401768 | K16: 20; 30; 40; 50; 60; 70; 90; 10.001.000; 10.002.000; 10.003.000; 10.004.000; 10.141.000; 10.142.000; 10.143.000; 10.144.000
A17: Leistung | B17: 10.000 | C17: 10.031.000 | D17: Revision nach Rahmenvereinbarung zur Abgabe von Rollstühlen von 2001 (gültig bis 31.12.2017) | E17: Statistische Leistung | F17: CHF | G17: 0 | H17: 0 | I17: 46296 | J17: 401768
A18: Leistung | B18: 10.000 | C18: 10.032.000 | D18: Garantieleistung bei Hand- oder Elektrorollstuhl | E18: Statistische Leistung | F18: CHF | G18: 0 | H18: 0 | I18: 46296 | J18: 401768
A19: Kapitel | B19: 10.110 | D19: Wegspesen | E19: Die Entschädigung der Wegspesen richtet sich nach den Bemerkungen zum Tarif. Die Wegpauschalen beinhalten die Hin- und Rückreise. Werden auf derselben Fahrt mehrere Klienten versorgt, muss die Wegpauschale anteilsmässig verrechnet werden. | I19: 46296 | J19: 401768
A20: Leistung | B20: 10.110 | C20: 10.111.000 | D20: Wegpauschale I | E20: Radius: 1 - 5 km | F20: CHF | G20: 23.11 | H20: 21.375 | I20: 46296 | J20: 401768 | K20: Regel aufgehoben
A21: Leistung | B21: 10.110 | C21: 10.112.000 | D21: Wegpauschale II | E21: Radius: 6 - 20 km | F21: CHF | G21: 92.43 | H21: 85.5 | I21: 46296 | J21: 401768 | K21: Regel aufgehoben
A22: Leistung | B22: 10.110 | C22: 10.113.000 | D22: Wegpauschale III | E22: Radius: 21 - 60 km | F22: CHF | G22: 205.39 | H22: 190 | I22: 46296 | J22: 401768 | K22: Regel aufgehoben
A23: Leistung | B23: 10.110 | C23: 10.114.000 | D23: Wegpauschale IV | E23: Radius: 61 - 90 km | F23: CHF | G23: 308.09 | H23: 285 | I23: 46296 | J23: 401768 | K23: Regel aufgehoben
A24: Leistung | B24: 10.110 | C24: 10.115.000 | D24: Wegpauschale nach Aufwand | E24: Radius: mehr als 90km | F24: CHF | I24: 46296 | J24: 401768 | K24: Regel aufgehoben
A25: Kapitel | B25: 10.120 | D25: Beratungen und Berichte | I25: 46296 | J25: 401768
A26: Leistung | B26: 10.120 | C26: 10.121.000 | D26: Fachtechnische Beratung pro 15Min | E26: Wird von den Versicherern nach UVG/MVG/IVG nicht vergütet. | F26: CHF | G26: 35.94 | H26: 33.25 | I26: 46296 | J26: 401768 | K26: 20; 30; 40; 50; 60; 70
A27: Leistung | B27: 10.120 | C27: 10.122.000 | D27: Bericht pro 15 Min. | E27: Gilt nur für von den Versicherern verlangten Berichte. | F27: CHF | G27: 35.94 | H27: 33.25 | I27: 46296 | J27: 401768 | K27: 20; 30; 40; 50; 60; 70
A28: Kapitel | B28: 10.130 | D28: Mietweise Abgabe von Rollstühlen | E28: Ist ein dringender Bedarf gegeben, kann der versicherten Person bis zur definitiven Versorgung für maximal 90 Tage ein Rollstuhl als Interimslösung abgegeben und mit den entsprechenden Tarifpositionen gegenüber den eidg. Sozialversicherern abgerechnet werden. Im UV- und MV-Bereich entfällt diese Limitation bei einer befristeten Vermietung eines Rollstuhls im Rahmen einer medizinisch bedingten Übergangsphase (postoperative Entlastung, Ruhigstellung, etc.), sofern die versicherte Person nicht dauerhaft auf einen Rollstuhl angewiesen ist. Die Mietdauer richtet sich nach der medizinischen Verordnung durch den behandelnden Arzt. Überschreitet die Mietdauer 90 Tage, ist vorgängig eine begründete Mietfristverlängerung beim zuständigen Versicherer zu beantragen. Die Sicherstellung der fristgerechten Rückgabe des Mietrollstuhls obliegt dem Vermieter. | I28: 46296 | J28: 401768
A29: Leistung | B29: 10.130 | C29: 10.131.000 | D29: Grundgebühr (Reinigung, Einstellungen) | E29: Limitation: maximal 1x pro Mietdauer | F29: CHF | G29: 143.77 | H29: 133 | I29: 46296 | J29: 401768
A30: Leistung | B30: 10.130 | C30: 10.132.000 | D30: Mietweise Abgabe eines Handrollstuhls (Ersatz-/Interimsversorgung; pro Tag) | E30: Abrechenbar gemäss Bemerkungen zum Tarif. Limitation: maximal 90 Tage | F30: CHF | G30: 4.32 | H30: 4 | I30: 46296 | J30: 401768 | K30: 10.132.100, 10.133.000, 10.133.100
A31: Leistung | B31: 10.130 | C31: 10.132.100 | D31: Mietweise Abgabe eines Handrollstuhls im Rahmen einer medizinisch bedingten Übergangsphase (postoperative Entlastung, Ruhigstellung, etc.; pro Tag) | E31: Abrechenbar gemäss Bemerkungen zum Tarif; Verlängerung nur nach vorgängiger Absprache mit dem Kostenträger. Gilt nur für UV und MV. Limitation: maximal 90 Tage | F31: CHF | G31: 4.32 | H31: 4 | I31: 46296 | J31: 401768 | K31: 10.132.000; 10.133.000, 10.133.100
A32: Leistung | B32: 10.130 | C32: 10.133.000 | D32: Mietweise Abgabe eines Elektrorollstuhls (Ersatz-/Interimsversorgung; pro Tag) | E32: Abrechenbar gemäss Bemerkungen zum Tarif. Limitation: maximal 90 Tage | F32: CHF | G32: 10.81 | H32: 10 | I32: 46296 | J32: 401768 | K32: 10.132.000, 10.132.100, 10.133.100
A33: Leistung | B33: 10.130 | C33: 10.133.100 | D33: Mietweise Abgabe eines Elektrorollstuhls im Rahmen einer medizinisch bedingten Übergangsphase (postoperative Entlastung, Ruhigstellung, etc.; pro Tag) | E33: Abrechenbar gemäss Bemerkungen zum Tarif; Verlängerung nur nach vorgängiger Absprache mit dem Kostenträger. Gilt nur für UV und MV. Limitation: maximal 90 Tage | F33: CHF | G33: 10.81 | H33: 10 | I33: 46296 | J33: 401768 | K33: 10.132.000, 10.132.100, 10.133.000;
A34: Kapitel | B34: 10.140 | D34: Reparaturen/Nachrüstungen/Revisionen | E34: Alle Entsorgungs- und Recyclingaufwände, die sich aus Reparaturen, Nachrüstungen oder Revisionen ergeben sowie die Entsorgung von Teilen, Abfällen und/oder anderem Material, fallen in die Verantwortung des Leistungserbringers. Eine Weiterverrechnung dieser Kosten zulasten des Kostenträgers und/oder der versicherten Person ist nicht zulässig. | I34: 46296 | J34: 401768
A35: Leistung | B35: 10.140 | C35: 10.141.000 | D35: Arbeit Reparatur Handrollstuhl pro 15 Min. | F35: CHF | G35: 35.94 | H35: 33.25 | I35: 46296 | J35: 401768 | K35: 10.142.000; 10.144.000; 10.146.000; 10.146.100; 10.148.000; 10.148.010; 10.148.100
A36: Leistung | B36: 10.140 | C36: 10.142.000 | D36: Arbeit Reparatur Elektrorollstuhl pro 15 Min. | F36: CHF | G36: 35.94 | H36: 33.25 | I36: 46296 | J36: 401768 | K36: 10.141.000; 10.143.000; 10.145.000; 10.145.100; 10.147.000; 10.147.010; 10.147.100
A37: Leistung | B37: 10.140 | C37: 10.143.000 | D37: Arbeit Nachrüstung Handrollstuhl pro 15 Min. | F37: CHF | G37: 35.94 | H37: 33.25 | I37: 46296 | J37: 401768 | K37: 10.142.000; 10.144.000; 10.146.000; 10.146.100; 10.148.000; 10.148.010; 10.148.100
A38: Leistung | B38: 10.140 | C38: 10.144.000 | D38: Arbeit Nachrüstung Elektrorollstuhl pro 15 Min. | F38: CHF | G38: 35.94 | H38: 33.25 | I38: 46296 | J38: 401768 | K38: 10.141.000; 10.143.000; 10.145.000; 10.145.100; 10.147.000; 10.147.010; 10.147.100
A39: Leistung | B39: 10.140 | C39: 10.145.000 | D39: Arbeit Revision Handrollstuhl pro 15 Min. | F39: CHF | G39: 35.94 | H39: 33.25 | I39: 46296 | J39: 401768 | K39: 10.142.000; 10.144.000; 10.146.000; 10.146.100; 10.148.000; 10.148.010; 10.148.100
A40: Leistung | B40: 10.140 | C40: 10.145.100 | D40: Arbeit für Übernahme bestehender BO pro 15 Min. Handrollstuhl | F40: CHF | G40: 35.94 | H40: 33.25 | I40: 46296 | J40: 401768 | K40: 10.142.000; 10.144.000; 10.146.000; 10.146.100; 10.148.000; 10.148.010; 10.148.100
A41: Leistung | B41: 10.140 | C41: 10.146.000 | D41: Arbeit Revision Elektrorollstuhl pro 15 Min. | F41: CHF | G41: 35.94 | H41: 33.25 | I41: 46296 | J41: 401768 | K41: 10.141.000; 10.143.000; 10.145.000; 10.145.100; 10.147.000; 10.147.010; 10.147.100
A42: Leistung | B42: 10.140 | C42: 10.146.100 | D42: Arbeit für Übernahme bestehender BO pro 15 Min. Elektrorollstuhl | F42: CHF | G42: 35.94 | H42: 33.25 | I42: 46296 | J42: 401768 | K42: 10.141.000; 10.143.000; 10.145.000; 10.145.100; 10.147.000; 10.147.010; 10.147.100
A43: Leistung | B43: 10.140 | C43: 10.147.000 | D43: Materialkosten Handrollstuhl | E43: Publikumspreis | F43: CHF | I43: 46296 | J43: 401768 | K43: 10.142.000; 10.144.000; 10.146.000; 10.146.100; 10.148.000; 10.148.010; 10.148.100
A44: Leistung | B44: 10.140 | C44: 10.147.010 | D44: Pauschale für Klein- und Reinigungsmaterial Handrollstuhl | E44: Darf nur einmal pro Reparatur in Rechnung gestellt werden | F44: CHF | G44: 9.73 | H44: 9 | I44: 46296 | J44: 401768 | K44: 10.142.000; 10.144.000; 10.146.000; 10.146.100; 10.148.000; 10.148.010; 10.148.100
A45: Leistung | B45: 10.140 | C45: 10.147.100 | D45: Materialkosten für Übernahme bestehender BO Handrollstuhl | E45: Publikumspreis | F45: CHF | I45: 46296 | J45: 401768 | K45: 10.142.000; 10.144.000; 10.146.000; 10.146.100; 10.148.000; 10.148.010; 10.148.100
A46: Leistung | B46: 10.140 | C46: 10.148.000 | D46: Materialkosten Elektrorollstuhl | E46: Publikumspreis | F46: CHF | I46: 46296 | J46: 401768 | K46: 10.141.000; 10.143.000; 10.145.000; 10.145.100; 10.147.000; 10.147.010; 10.147.100
A47: Leistung | B47: 10.140 | C47: 10.148.010 | D47: Pauschale für Klein- und Reinigungsmaterial Elektrorollstuhl | E47: Darf nur einmal pro Reparatur in Rechnung gestellt werden | F47: CHF | G47: 19.46 | H47: 18 | I47: 46296 | J47: 401768 | K47: 10.141.000; 10.143.000; 10.145.000; 10.145.100; 10.147.000; 10.147.010; 10.147.100
A48: Leistung | B48: 10.140 | C48: 10.148.100 | D48: Materialkosten für Übernahme bestehender BO Elektrorollstuhl | E48: Publikumspreis | F48: CHF | I48: 46296 | J48: 401768 | K48: 10.141.000; 10.143.000; 10.145.000; 10.145.100; 10.147.000; 10.147.010; 10.147.100
A49: Kapitel | B49: 10.150 | D49: Selbstbehalte | I49: 46296 | J49: 401768
A50: Leistung | B50: 10.150 | C50: 10.151.000 | D50: private Zuzahlung (Kundenwunsch) | E50: Leistungen, welche nicht durch die Kostenträger übernommen werden, nicht im Tarif enthalten sind und vom Kunden explizit und ausdrücklich gewünscht werden | F50: CHF | I50: 46296 | J50: 401768
A51: Leistung | B51: 10.150 | C51: 10.152.000 | D51: Selbstbehalt bei Leistungen gem. KHMI | E51: abzuziehen auf Offerte/KV und Rechnung | F51: CHF | I51: 46296 | J51: 401768
A52: Leistung | B52: 10.150 | C52: 10.153.000 | D52: private Zuzahlung bei Besitzstand | E52: abzuziehen auf Offerte/KV und Rechnung | F52: CHF | I52: 46296 | J52: 401768
A53: Leistung | B53: 10.150 | C53: 10.154.000 | D53: Abzug der privaten Zuzahlung bei Kundenwunsch | E53: Abzug der privaten Zuzahlung auf dem Kostenvoranschlag und der Rechnung des unter 10.151.000 aufgeführten Kundenwunsches | F53: CHF | I53: 46296 | J53: 401768
A54: Kapitel | B54: 20 | D54: Basis-Rollstühle | E54: Die Rollstuhlpauschalen und die Rollstuhlmodelle sind untereinander nicht kumulierbar. | I54: 46296 | J54: 401768 | K54: 30; 40; 50; 60; 80; 70.400; 90.400
A55: Kapitel | B55: 20.000 | D55: Basis-Rollstühle nach Behinderungsgrad (BG) | E55: Konstruktionsmerkmale - Faltrollstuhl 3 Sitzbreiten 2 Sitztiefen 2 verschiedene Beinstützen 2 verschiedene Armlehnen abnehmbar 2 Sitzhöhen einstellbar | I55: 46296 | J55: 401768
A56: Leistung | B56: 20.000 | C56: 20.010.000 | D56: Basis-Rollstuhl BG-1 | E56: Nur kumulierbar mit den Kapiteln 10, 20, 70, 90.100 und 90.200 | F56: CHF | G56: 2132.11 | H56: 1972.35 | I56: 46296 | J56: 401768 | K56: 20.020.000; 20.030.000; 20.040.000
A57: Leistung | B57: 20.000 | C57: 20.020.000 | D57: Basis-Rollstuhl BG-2 | E57: Nur kumulierbar mit den Kapiteln 10, 20, 70, 90.100 und 90.200 | F57: CHF | G57: 2204 | H57: 2038.85 | I57: 46296 | J57: 401768 | K57: 20.010.000; 20.030.000; 20.040.000
A58: Leistung | B58: 20.000 | C58: 20.030.000 | D58: Basis-Rollstuhl BG-3 | E58: Nur kumulierbar mit den Kapiteln 10, 20, 70, 90.100 und 90.200 | F58: CHF | G58: 2275.88 | H58: 2105.35 | I58: 46296 | J58: 401768 | K58: 20.010.000; 20.020.000; 20.040.000
A59: Leistung | B59: 20.000 | C59: 20.040.000 | D59: Basis-Rollstuhl BG-4 | E59: Nur kumulierbar mit den Kapiteln 10, 20, 70, 90.100 und 90.200 | F59: CHF | G59: 2347.77 | H59: 2171.85 | I59: 46296 | J59: 401768 | K59: 20.010.000; 20.020.000; 20.030.000
A60: Kapitel | B60: 20.100 | D60: Basis-Rollstuhl-Modelle | E60: Bezeichnung = Marke - Modell - Hersteller | I60: 46296 | J60: 401768
A61: Leistung | B61: 20.100 | C61: 20.100.999 | D61: Neues Modell, zur Aufnahme genehmigt | E61: Statistische Leistung; Angabe von Marke, Modell, Hersteller, Lieferant; gemäss publizierter Liste auf (www.mtk-ctm.ch) | F61: CHF | G61: 0 | H61: 0 | I61: 46296 | J61: 401768
A62: Leistung | B62: 20.100 | C62: 20.102.001 | D62: Breezy - RubiX² - Sunrise Medical GmbH | E62: Statistische Leistung | F62: CHF | G62: 0 | H62: 0 | I62: 46296 | J62: 401768
A63: Leistung | B63: 20.100 | C63: 20.102.002 | D63: Breezy - Exigo 20 - Sunrise Medical GmbH | E63: Statistische Leistung | F63: CHF | G63: 0 | H63: 0 | I63: 46296 | J63: 401768
A64: Leistung | B64: 20.100 | C64: 20.102.003 | D64: Breezy - BasiX² - Sunrise Medical GmbH | E64: Statistische Leistung | F64: CHF | G64: 0 | H64: 0 | I64: 46296 | J64: 401768
A65: Leistung | B65: 20.100 | C65: 20.104.001 | D65: Dietz - Caneo_S - Dietz GmbH | E65: Statistische Leistung | F65: CHF | G65: 0 | H65: 0 | I65: 46296 | J65: 401768
A66: Leistung | B66: 20.100 | C66: 20.104.002 | D66: Dietz - Basik+ - Dietz GmbH | E66: Statistische Leistung | F66: CHF | G66: 0 | H66: 0 | I66: 46296 | J66: 401768
A67: Leistung | B67: 20.100 | C67: 20.104.003 | D67: Dietz - Caneo 200 - Dietz GmbH | E67: Statistische Leistung | F67: CHF | G67: 0 | H67: 0 | I67: 46296 | J67: 401768
A68: Leistung | B68: 20.100 | C68: 20.104.004 | D68: Dietz - Caneo B - Dietz Gmbh | E68: Statistische Leistung | F68: CHF | G68: 0 | H68: 0 | I68: 46296 | J68: 401768
A69: Leistung | B69: 20.100 | C69: 20.104.005 | D69: Dietz - Caneo E - Dietz GmbH | E69: Statistische Leistung | F69: CHF | G69: 0 | H69: 0 | I69: 46296 | J69: 401768
A70: Leistung | B70: 20.100 | C70: 20.104.006 | D70: Dietz - Caneo L - Dietz GmbH | E70: Statistische Leistung | F70: CHF | G70: 0 | H70: 0 | I70: 46296 | J70: 401768
A71: Leistung | B71: 20.100 | C71: 20.104.008 | D71: Dietz - TOMTAR MR-LG - Dietz GmbH | E71: Statistische Leistung | F71: CHF | G71: 0 | H71: 0 | I71: 46296 | J71: 401768
A72: Leistung | B72: 20.100 | C72: 20.105.001 | D72: ETAC - M100 - ETAC GmbH Deutschland | E72: Statistische Leistung | F72: CHF | G72: 0 | H72: 0 | I72: 46296 | J72: 401768
... A113: Leistung | B113: 20.100 | C113: 20.137.003 | D113: Vermeiren - V300-30° - Vermeiren | E113: Statistische Leistung | F113: CHF | G113: 0 | H113: 0 | I113: 46296 | J113: 401768
A114: Kapitel | B114: 20.500 | D114: Rollstuhl Pauschalzubehör | E114: PAUSCHALZUBEHÖR Hierbei handelt es sich um Zubehör zur Basisausführung des Rollstuhls. Dieses Zubehör wurde anteilsmässig in die Pauschale eingerechnet und kann nicht separat abgerechnet werden. Auf der Rechnung und dem Kostengutsprachegesuch sind die Positionen des abgegebenen Zubehörs aus statistischen Gründen aufzuführen. ZUSÄTZLICHES PAUSCHALZUBEHÖR GEMÄSS ANHANG V Zusätzlich zum Pauschalzubehör sind in den Pauschalen auch Ausführungsvarianten eingerechnet und entsprechend können diese nicht separat abgerechnet werden. Zum besseren Verständnis sind Piktogramme im Anhang V der Bemerkungen zum Tarif angefügt. | I114: 46296 | J114: 401768
A115: Leistung | B115: 20.500 | C115: 20.501.000 | D115: Antikippstütze, Stück | E115: Statistische Leistung | F115: CHF | G115: 0 | H115: 0 | I115: 46296 | J115: 401768
A116: Leistung | B116: 20.500 | C116: 20.502.000 | D116: Antikippstütze, Paar | E116: Statistische Leistung | F116: CHF | G116: 0 | H116: 0 | I116: 46296 | J116: 401768
A117: Leistung | B117: 20.500 | C117: 20.503.000 | D117: Bremse Begleitperson, alle Varianten | E117: Statistische Leistung | F117: CHF | G117: 0 | H117: 0 | I117: 46296 | J117: 401768
A118: Leistung | B118: 20.500 | C118: 20.504.000 | D118: Bremshebelverlängerung, alle Varianten | E118: Statistische Leistung | F118: CHF | G118: 0 | H118: 0 | I118: 46296 | J118: 401768
A119: Leistung | B119: 20.500 | C119: 20.505.000 | D119: Fussplatte verstell- u/o schwenk- u/o abklappbar, alle Varianten | E119: Statistische Leistung | F119: CHF | G119: 0 | H119: 0 | I119: 46296 | J119: 401768
A120: Leistung | B120: 20.500 | C120: 20.506.000 | D120: Kipphilfe, alle Varianten | E120: Statistische Leistung | F120: CHF | G120: 0 | H120: 0 | I120: 46296 | J120: 401768
A121: Leistung | B121: 20.500 | C121: 20.507.000 | D121: Sitz u/o Rücken anpassbar /atmungsaktiv / fest, alle Varianten | E121: Statistische Leistung | F121: CHF | G121: 0 | H121: 0 | I121: 46296 | J121: 401768
A122: Leistung | B122: 20.500 | C122: 20.508.000 | D122: Seitenteile / Armauflagen, alle Varianten | E122: Statistische Leistung | F122: CHF | G122: 0 | H122: 0 | I122: 46296 | J122: 401768
A123: Leistung | B123: 20.500 | C123: 20.509.000 | D123: Speichenschutz, alle Varianten | E123: Statistische Leistung | F123: CHF | G123: 0 | H123: 0 | I123: 46296 | J123: 401768
A124: Leistung | B124: 20.500 | C124: 20.510.000 | D124: Stossgriffe, alle Varianten | E124: Statistische Leistung | F124: CHF | G124: 0 | H124: 0 | I124: 46296 | J124: 401768
A125: Leistung | B125: 20.500 | C125: 20.511.000 | D125: Bereifung Vorder- Hinterräder / Felgen, alle Varianten | E125: Statistische Leistung | F125: CHF | G125: 0 | H125: 0 | I125: 46296 | J125: 401768
A126: Leistung | B126: 20.500 | C126: 20.512.000 | D126: Stockhalter | E126: Statistische Leistung | F126: CHF | G126: 0 | H126: 0 | I126: 46296 | J126: 401768
A127: Kapitel | B127: 30 | D127: Adaptiv-Rollstühle | E127: Die Rollstuhlpauschalen und die Rollstuhlmodelle sind untereinander nicht kumulierbar. | I127: 46296 | J127: 401768 | K127: 20; 40; 50; 60; 80; 70.400; 90.400
A128: Kapitel | B128: 30.000 | D128: Adaptiv-Rollstühle nach Behinderungsgrad (BG) | E128: A) FALTRAHMENROLLSTÜHLE Konstruktionsmerkmale - Für Kinder und Jugendliche bis 20 Jahre, welche aufgrund der Körpergrösse nicht mit einem Kinderrollstuhl versorgt werden können - An unterschiedliche Behinderungen und Körpergrössen anpassbar - Ausbaubar durch vielfältiges Zubehör (Baukastensystem) - Dadurch speziell geeignet für Wiedereinsatz und progrediente Erkrankungen - Sehr gute Rolleigenschaften für Selbstfahrer Rollstuhlgewicht max. 16kg gewogen bei allen Sitzbreiten bis max. 48cm für Erwachsene, in folgender Grundausführung: - Rahmen - Hinter- und Vorderräder - Sitz- und Rückenbezug - Seitenteile - Beinstützen - Bremsen Anforderungen an die Sitzeinheit (gilt nicht für Kinderrollstühle/Nicht für XXL-Modelle) - Sitzbreite: 36cm - 48cm Abstufung von max. 3cm - Sitztiefe: 38cm - 43cm Abstufung von max. 3cm - Rückenhöhe: 35cm - 43cm Abstufung von max. 2,5cm Anforderungen an das Fahrwerk - Hinterräder mit Greifreifen über Steckachsen abnehmbar - Schwerpunktveränderung und Sitzneigungsverstellung durch variable - Hinterachsverstellung (horizontal und vertikal) oder gleichwertige Konstruktion - Sitzhöhenverstellung - Radsturzverstellung der Hinterräder - Vorspurkorrektur der Hinterräder - Einstellung des Neigungswinkels des Vorderrad Supporters - Diverse Vorderradgrössen optional erhältlich - Diverse Antriebsradgrössen optional erhältlich Anforderungen an die Ausstattungsvarianten (müssen optional erhältlich sein) - Diverse austauschbare Seitenteile/Armauflagen - Radschutz mit Radabdeckung - Diverse Fussauflagen - Rückenbezug anpassbar B) STARRRAHMEN- ODER FEST VERSCHWEISSTE ROLLSTÜHLE (KONFEKTIONIERT) Konstruktionsmerkmale - Für Kinder und Jugendliche bis 20 Jahre, welche aufgrund der Körpergrösse nicht mit einem Kinderrollstuhl versorgt werden können - Hinterachsverstellung und Vorderradsupporter verstellbar und/oder verschweisst Rollstuhlgewicht max. 16kg gewogen bei allen Sitzbreiten bis 48cm für Erwachsene, in folgender Grundausführung: - Rahmen - Hinter- und Vorderräder - Sitz- und Rückenbezug - Seitenteile - Beinstützen - Bremsen Anforderungen an die Sitzeinheit (gilt nicht für Kinderrollstühle/Nicht für XXL-Modelle) - Sitzbreite: 36cm - 48cm Abstufung von max. 3cm - Sitztiefe: 38cm - 43cm Abstufung von max. 3cm - Rückenhöhe: 35cm - 43cm Abstufung von max. 2,5cm Anforderungen an das Fahrwerk - Hinterräder mit Greifreifen über Steckachsen abnehmbar - Radsturzverstellung der Hinterräder - Diverse Vorderradgrössen optional erhältlich - Diverse Antriebsradgrössen optional erhältlich Anforderungen an die Ausstattungsvarianten (müssen optional erhältlich sein) - Radschutz mit Radabdeckung - Diverse Fussauflagen - Rückenbezug anpassbar | I128: 46296 | J128: 401768
A129: Leistung | B129: 30.000 | C129: 30.010.000 | D129: Adaptiv-Rollstuhl BG-1 | E129: Nur kumulierbar mit den Kapiteln 10, 30, 70, 90.100 und 90.200 | F129: CHF | G129: 5774.17 | H129: 5341.51 | I129: 46296 | J129: 401768 | K129: 30.020.000; 30.030.000; 30.040.000
A130: Leistung | B130: 30.000 | C130: 30.020.000 | D130: Adaptiv-Rollstuhl BG-2 | E130: Nur kumulierbar mit den Kapiteln 10, 30, 70, 90.100 und 90.200 | F130: CHF | G130: 6063.88 | H130: 5609.51 | I130: 46296 | J130: 401768 | K130: 30.010.000; 30.030.000; 30.040.000
A131: Leistung | B131: 30.000 | C131: 30.030.000 | D131: Adaptiv-Rollstuhl BG-3 | E131: Nur kumulierbar mit den Kapiteln 10, 30, 70, 90.100 und 90.200 | F131: CHF | G131: 6633.93 | H131: 6136.85 | I131: 46296 | J131: 401768 | K131: 30.010.000; 30.020.000; 30.040.000
A132: Leistung | B132: 30.000 | C132: 30.040.000 | D132: Adaptiv-Rollstuhl BG-4 | E132: Nur kumulierbar mit den Kapiteln 10, 30, 70, 90.100 und 90.200 | F132: CHF | G132: 7175.96 | H132: 6638.26 | I132: 46296 | J132: 401768 | K132: 30.010.000; 30.020.000; 30.030.000
A133: Kapitel | B133: 30.100 | D133: Adaptiv-Rollstuhl-Modelle | E133: Bezeichnung = Marke - Modell - Hersteller | I133: 46296 | J133: 401768
A134: Leistung | B134: 30.100 | C134: 30.100.999 | D134: Neues Modell, zur Aufnahme genehmigt | E134: Statistische Leistung; Angabe von Marke, Modell, Hersteller, Lieferant; gemäss publizierter Liste auf (www.mtk-ctm.ch) | F134: CHF | G134: 0 | H134: 0 | I134: 46296 | J134: 401768
A135: Leistung | B135: 30.100 | C135: 30.104.001 | D135: Dietz - AS01 - Dietz GmbH | E135: Statistische Leistung | F135: CHF | G135: 0 | H135: 0 | I135: 46296 | J135: 401768
A136: Leistung | B136: 30.100 | C136: 30.104.002 | D136: Dietz - AS[advanced] - Dietz GmbH | E136: Statistische Leistung | F136: CHF | G136: 0 | H136: 0 | I136: 46296 | J136: 401768
A137: Leistung | B137: 30.100 | C137: 30.105.002 | D137: Etac - Cross 5 - ETAC GmbH Deutschland | E137: Statistische Leistung | F137: CHF | G137: 0 | H137: 0 | I137: 46296 | J137: 401768
A138: Leistung | B138: 30.100 | C138: 30.105.003 | D138: Etac - Etac Crissy Swing Away - ETAC GmbH Deutschland | E138: Statistische Leistung | F138: CHF | G138: 0 | H138: 0 | I138: 46296 | J138: 401768
A139: Leistung | B139: 30.100 | C139: 30.105.004 | D139: Etac - Etac Crissy Active - ETAC GmbH Deutschland | E139: Statistische Leistung | F139: CHF | G139: 0 | H139: 0 | I139: 46296 | J139: 401768
A140: Leistung | B140: 30.100 | C140: 30.105.005 | D140: Etac - Cross 6 - ETAC GmbH Deutschland | E140: Statistische Leistung | F140: CHF | G140: 0 | H140: 0 | I140: 46296 | J140: 401768
...

Sheet FR
A1: Type | B1: Chapitre | C1: Prestation | D1: Désignation | E1: Interprétation | F1: Unité de facturation | G1: Prix incl. TVA. | H1: Prix excl. TVA. | I1: Valide de | J1: Valide à | K1: Règles de cumul V9.0 non cumulables avec
A2: Kapitel | B2: 10 | D2: Prestations générales | I2: 46296 | J2: 401768
A3: Kapitel | B3: 10.000 | D3: Informations sur l'appareillage | E3: DISPOSITIONS GÉNÉRALES Le modèle du fauteuil roulant et les accessoires forfaitaires sont inclus dans le forfait pour fauteuils roulants et doivent être indiqués sur la facture. Les options selon handicap sont facturables en plus selon la prescription médicale. DÉFINITIONS FAUTEUIL ROULANT MANUEL (FRM) Dans les catégories sous-mentionnées sont compris les fauteuils roulants manuels, lesquels correspondent à une version adéquate et prête à l’emploi. Celles-ci comprennent : - Cadre fixe ou pliable - Roues arrière et roues avant pivotantes - Freins - Housses de siège et de dossier - Repose-jambes - Accoudoirs / protèges vêtements Les catégories adaptative, pédiatrique, spécial peuvent également être utilisées comme châssis pour des orthèses de positionnement (positionnements selon tarif ASTO). La fiabilité fonctionnelle et la sécurité de base doivent être assurées par le marquage CE, la déclaration de conformité et les informations sur le produit doivent être disponibles en allemand, français et italien. (Ordonnance sur les dispositifs médicaux ODim et directive 93/42 /CEE). Seuls les éléments énumérés dans la liste des options liées au handicap (OH) peuvent être facturés en supplément. (Annexe au formulaire "Prescription médicale pour la remise d'un fauteuil roulant"). CHÂSSIS POUR COQUE Les châssis pour coque sont des fauteuils roulants répondant aux caractéristiques de fauteuils roulants spéciaux, mais liés à une remise de coque de positionnement. FAUTEUIL ROULANT ÉLECTRIQUE (FRE) Dans cette catégorie sont compris les fauteuils roulants électriques, lesquels correspondent à une version adéquate et prête à l’emploi. Celle-ci comprend : - 2 roues motrices avec moteur électrique - 2 roues directrices - Repose-jambes - Accoudoirs - Batteries sans entretien et un chargeur La fiabilité fonctionnelle et la sécurité de base doivent être assurées par le marquage CE, la déclaration de conformité et les informations sur le produit qui doivent être disponibles en allemand, français et italien. (Ordonnance sur les dispositifs médicaux ODim et directive 93/42 /CEE) Seuls les éléments énumérés dans la liste des options liées au handicap (OH) peuvent être facturés en supplément. (Annexe au formulaire "Prescription médicale pour la remise d'un fauteuil roulant") FAUTEUIL ROULANT ÉLECTRIQUE POUR USAGE INTÉRIEUR (POSITION TARIFAIRE 90.411.000) Seuls les fauteuils roulants électriques qui ne répondent pas aux critères de définition des fauteuils roulants électriques du chapitre 60 peuvent être fournis au titre du code tarifaire 90.411.000. Il s'agit de simples fauteuils roulants électriques destinés principalement à un usage intérieur ou à un usage extérieur limité (par exemple, les fauteuils roulants électriques pliants). FAUTEUIL ROULANT ÉLECTRIQUE POUR TERRAIN ACCIDENTÉ (POSITION TARIFAIRE 90.421.000) Seuls les fauteuils roulants électriques qui ne répondent pas aux critères de définition des fauteuils roulants électriques du chapitre 60 peuvent être fournis au titre du code tarifaire 90.421.000. Il s'agit de fauteuils roulants électriques destinés à être utilisés sur des terrains accidentés. PROPULSION ÉLECTRIQUE Par propulsion électrique, on entend les systèmes d'entraînement électrique pour fauteuils roulants manuels. | I3: 46296 | J3: 401768
A4: Leistung | B4: 10.000 | C4: 10.001.000 | D4: Nouvel appareillage | E4: Prestation statistique | F4: CHF | G4: 0 | H4: 0 | I4: 46296 | J4: 401768 | K4: 80; 10.140; 10.002.000; 10.003.000; 10.004.000; 10.020.000; 10.021.000; 10.030.000; 10.031.000
A5: Leistung | B5: 10.000 | C5: 10.002.000 | D5: Appareillage suivant | E5: Prestation statistique | F5: CHF | G5: 0 | H5: 0 | I5: 46296 | J5: 401768 | K5: 80; 10.140; 10.001.000; 10.003.000; 10.004.000; 10.020.000; 10.021.000; 10.030.000; 10.031.000
A6: Leistung | B6: 10.000 | C6: 10.003.000 | D6: Rééquipement | E6: Prestation statistique | F6: CHF | G6: 0 | H6: 0 | I6: 46296 | J6: 401768 | K6: 20; 30; 40; 50; 60; 70, 80.500; 80.550; 10.001.000; 10.002.000; 10.004.000; 10.020.000; 10.021.000; 10.031.000
A7: Leistung | B7: 10.000 | C7: 10.004.000 | D7: Rééquipement selon convention cadre sur la remise et le remboursement des fauteuils roulants de 2001 (valable jusqu’au 31.12.2017) | E7: Prestation statistique ; Cumulable uniquement avec le chapitre 80 | F7: CHF | G7: 0 | H7: 0 | I7: 46296 | J7: 401768 | K7: 20; 30; 40; 50; 60; 70; 90; 10.001.000; 10.002.000; 10.003.000; 10.020.000; 10.021.000; 10.031.000; 10.141.000; 10.142.000; 10.145.000; 10.146.000
A8: Leistung | B8: 10.000 | C8: 10.005.000 | D8: Suite changement de position | E8: Prestation statistique | F8: CHF | G8: 0 | H8: 0 | I8: 46296 | J8: 401768
A9: Leistung | B9: 10.000 | C9: 10.006.000 | D9: Suite croissance | E9: Prestation statistique | F9: CHF | G9: 0 | H9: 0 | I9: 46296 | J9: 401768
A10: Leistung | B10: 10.000 | C10: 10.007.000 | D10: Postopératoire | E10: Prestation statistique | F10: CHF | G10: 0 | H10: 0 | I10: 46296 | J10: 401768
A11: Leistung | B11: 10.000 | C11: 10.008.000 | D11: Progression | E11: Prestation statistique | F11: CHF | G11: 0 | H11: 0 | I11: 46296 | J11: 401768
A12: Leistung | B12: 10.000 | C12: 10.008.010 | D12: Usure | E12: Prestation statistique | F12: CHF | G12: 0 | H12: 0 | I12: 46296 | J12: 401768
A13: Leistung | B13: 10.000 | C13: 10.009.000 | D13: Autres | E13: Prestation statistique; Spécification de la raison de l'appareillage | F13: CHF | G13: 0 | H13: 0 | I13: 46296 | J13: 401768
A14: Leistung | B14: 10.000 | C14: 10.020.000 | D14: Réparation | E14: Prestation statistique | F14: CHF | G14: 0 | H14: 0 | I14: 46296 | J14: 401768 | K14: 20; 30; 40; 50; 60; 70; 90; 10.001.000; 10.002.000; 10.003.000; 10.004.000; 10.030.000; 10.031.000; 10.143.000; 10.144.000; 10.145.000; 10.146.000
A15: Leistung | B15: 10.000 | C15: 10.021.000 | D15: Réparation selon convention cadre sur la remise et le remboursement des fauteuils roulants de 2001 (valable jusqu’au 31.12.2017) | E15: Prestation statistique | F15: CHF | G15: 0 | H15: 0 | I15: 46296 | J15: 401768
A16: Leistung | B16: 10.000 | C16: 10.030.000 | D16: Révision | E16: Révision selon les instructions du fabricant ; Prestation statistique ; Cumulable uniquement avec le chapitre 80 | F16: CHF | G16: 0 | H16: 0 | I16: 46296 | J16: 401768 | K16: 20; 30; 40; 50; 60; 70; 90; 10.001.000; 10.002.000; 10.003.000; 10.004.000; 10.141.000; 10.142.000; 10.143.000; 10.144.000
A17: Leistung | B17: 10.000 | C17: 10.031.000 | D17: Révision selon convention cadre sur la remise et le remboursement des fauteuils roulants de 2001 (valable jusqu’au 31.12.2017) | E17: Prestation statistique | F17: CHF | G17: 0 | H17: 0 | I17: 46296 | J17: 401768
A18: Leistung | B18: 10.000 | C18: 10.032.000 | D18: Prestation de garantie auprès des fauteuils roulants manuels ou fauteuils roulants électriques | E18: Prestation statistique | F18: CHF | G18: 0 | H18: 0 | I18: 46296 | J18: 401768
A19: Kapitel | B19: 10.110 | D19: Frais de déplacement | E19: La rémunération pour les frais de déplacement est basée sur les remarques concernant le tarif. Les frais de déplacement comprennent le voyage aller-retour. Si plusieurs clients sont fournis lors d'un même voyage, le montant forfaitaire doit être facturé au prorata. | I19: 46296 | J19: 401768
A20: Leistung | B20: 10.110 | C20: 10.111.000 | D20: Frais de déplacement, forfait I | E20: Rayon : 1 - 5 km | F20: CHF | G20: 23.11 | H20: 21.375 | I20: 46296 | J20: 401768 | K20: Regel aufgehoben
A21: Leistung | B21: 10.110 | C21: 10.112.000 | D21: Frais de déplacement, forfait II | E21: Rayon : 6 - 20 km | F21: CHF | G21: 92.43 | H21: 85.5 | I21: 46296 | J21: 401768 | K21: Regel aufgehoben
A22: Leistung | B22: 10.110 | C22: 10.113.000 | D22: Frais de déplacement, forfait III | E22: Rayon : 21 - 60 km | F22: CHF | G22: 205.39 | H22: 190 | I22: 46296 | J22: 401768 | K22: Regel aufgehoben
A23: Leistung | B23: 10.110 | C23: 10.114.000 | D23: Frais de déplacement, forfait IV | E23: Rayon : 61 - 90 km | F23: CHF | G23: 308.09 | H23: 285 | I23: 46296 | J23: 401768 | K23: Regel aufgehoben
A24: Leistung | B24: 10.110 | C24: 10.115.000 | D24: Frais de déplacement selon frais effectifs | E24: Rayon : plus de 90km | F24: CHF | I24: 46296 | J24: 401768 | K24: Regel aufgehoben
A25: Kapitel | B25: 10.120 | D25: Conseils techniques et rapports | I25: 46296 | J25: 401768
A26: Leistung | B26: 10.120 | C26: 10.121.000 | D26: Conseil technique par période de 15 min. | E26: N'est pas remboursée par les assureurs LAA/LAM/LAI. | F26: CHF | G26: 35.94 | H26: 33.25 | I26: 46296 | J26: 401768 | K26: 20; 30; 40; 50; 60; 70
A27: Leistung | B27: 10.120 | C27: 10.122.000 | D27: Rapport écrit par période de 15 min. | E27: Applicable uniquement aux rapports requis par les assureurs. | F27: CHF | G27: 35.94 | H27: 33.25 | I27: 46296 | J27: 401768 | K27: 20; 30; 40; 50; 60; 70
A28: Kapitel | B28: 10.130 | D28: Location des fauteuils roulants | E28: En cas de besoin urgent, la personne assurée peut obtenir, pour une durée maximale de 90 jours, un fauteuil roulant à titre de solution provisoire jusqu’à ce qu’il reçoive son appareillage définitif. La location du fauteuil roulant peut être facturé avec les positions tarifaires correspondantes aux assureurs sociaux fédéraux. Dans les secteurs AA et AM, cette limitation ne s'applique pas si un fauteuil roulant est loué pour une durée limitée pendant une phase transitoire médicalement nécessaire (soulagement post-opératoire, immobilisation, etc.), à condition que la personne assurée ne soit pas en permanence dépendant d'un fauteuil roulant. La durée de location est basée sur l'ordonnance médicale émise par le médecin traitant. Si la location dépasse les 90 jours, il faut soumettre à l'avance une demande justifiée de prolongation de la période de location auprès de l'assureur responsable. Il incombe au propriétaire de veiller à ce que le fauteuil roulant de location soit rendu en temps voulu. | I28: 46296 | J28: 401768
A29: Leistung | B29: 10.130 | C29: 10.131.000 | D29: Taxe de base (nettoyage, réglages) | E29: Limitation : maximum 1x par période de location | F29: CHF | G29: 143.77 | H29: 133 | I29: 46296 | J29: 401768
A30: Leistung | B30: 10.130 | C30: 10.132.000 | D30: Location d'un fauteuil roulant manuel (rechange / approvisionnement provisoire ; par jour) | E30: Facturable selon les remarques concernant le tarif. Limitation : maximum 90 jours | F30: CHF | G30: 4.32 | H30: 4 | I30: 46296 | J30: 401768 | K30: 10.132.100, 10.133.000, 10.133.100
A31: Leistung | B31: 10.130 | C31: 10.132.100 | D31: Location d’un fauteuil roulant manuel dans le cadre d’une période de transition médicale (soulagement post-opératoire, immobilisation, etc.; par jour) | E31: Facturable selon les remarques concernant le tarif ; prolongation uniquement après consultation préalable de l'assureur. Applicable uniquement aux secteurs AA et AM. Limitation : maximum 90 jours | F31: CHF | G31: 4.32 | H31: 4 | I31: 46296 | J31: 401768 | K31: 10.132.000; 10.133.000, 10.133.100
A32: Leistung | B32: 10.130 | C32: 10.133.000 | D32: Location d'un fauteuil roulant électrique (rechange / approvisionnement provisoire ; par jour) | E32: Facturable selon les remarques concernant le tarif. Limitation : maximum 90 jours | F32: CHF | G32: 10.81 | H32: 10 | I32: 46296 | J32: 401768 | K32: 10.132.000, 10.132.100, 10.133.100
A33: Leistung | B33: 10.130 | C33: 10.133.100 | D33: Location d’un fauteuil roulant électrique dans le cadre d’une période de transition médicale (soulagement post-opératoire, immobilisation, etc.; par jour) | E33: Facturable selon les remarques concernant le tarif ; prolongation uniquement après consultation préalable de l'assureur. Applicable uniquement aux secteurs AA et AM. Limitation : maximum 90 jours | F33: CHF | G33: 10.81 | H33: 10 | I33: 46296 | J33: 401768 | K33: 10.132.000, 10.132.100, 10.133.000;
A34: Kapitel | B34: 10.140 | D34: Réparations/Rééquipements/Révisions | E34: Tous les frais liés à l’élimination et au recyclage résultant de réparations, de modifications ou de révisions, ainsi que l’élimination de pièces, de déchets et/ou d’autres matériaux, sont à la charge du prestataire de services. Une refacturation de ces coûts à l'organisme payeur ou à la personne assurée n’est pas autorisée. | I34: 46296 | J34: 401768
A35: Leistung | B35: 10.140 | C35: 10.141.000 | D35: Temps de travail réparation fauteuil roulant manuel par période de 15 min. | F35: CHF | G35: 35.94 | H35: 33.25 | I35: 46296 | J35: 401768 | K35: 10.142.000; 10.144.000; 10.146.000; 10.146.100; 10.148.000; 10.148.010; 10.148.100
A36: Leistung | B36: 10.140 | C36: 10.142.000 | D36: Temps de travail réparation fauteuil roulant électrique par période de 15 min. | F36: CHF | G36: 35.94 | H36: 33.25 | I36: 46296 | J36: 401768 | K36: 10.141.000; 10.143.000; 10.145.000; 10.145.100; 10.147.000; 10.147.010; 10.147.100
A37: Leistung | B37: 10.140 | C37: 10.143.000 | D37: Temps de travail rééquipement fauteuil roulant manuel par période de 15 min. | F37: CHF | G37: 35.94 | H37: 33.25 | I37: 46296 | J37: 401768 | K37: 10.142.000; 10.144.000; 10.146.000; 10.146.100; 10.148.000; 10.148.010; 10.148.100
A38: Leistung | B38: 10.140 | C38: 10.144.000 | D38: Temps de travail rééquipement fauteuil roulant électrique par période de 15 min. | F38: CHF | G38: 35.94 | H38: 33.25 | I38: 46296 | J38: 401768 | K38: 10.141.000; 10.143.000; 10.145.000; 10.145.100; 10.147.000; 10.147.010; 10.147.100
A39: Leistung | B39: 10.140 | C39: 10.145.000 | D39: Temps de travail révision fauteuil roulant manuel par période de 15 min. | F39: CHF | G39: 35.94 | H39: 33.25 | I39: 46296 | J39: 401768 | K39: 10.142.000; 10.144.000; 10.146.000; 10.146.100; 10.148.000; 10.148.010; 10.148.100
A40: Leistung | B40: 10.140 | C40: 10.145.100 | D40: Temps de travail pour la reprise de OH existants, fauteuil roulant manuel, par période de 15 min. | F40: CHF | G40: 35.94 | H40: 33.25 | I40: 46296 | J40: 401768 | K40: 10.142.000; 10.144.000; 10.146.000; 10.146.100; 10.148.000; 10.148.010; 10.148.100
A41: Leistung | B41: 10.140 | C41: 10.146.000 | D41: Temps de travail révision fauteuil roulant électrique par période de 15 min. | F41: CHF | G41: 35.94 | H41: 33.25 | I41: 46296 | J41: 401768 | K41: 10.141.000; 10.143.000; 10.145.000; 10.145.100; 10.147.000; 10.147.010; 10.147.100
A42: Leistung | B42: 10.140 | C42: 10.146.100 | D42: Temps de travail pour la reprise de OH existants, fauteuil roulant électrique, par période de 15 min. | F42: CHF | G42: 35.94 | H42: 33.25 | I42: 46296 | J42: 401768 | K42: 10.141.000; 10.143.000; 10.145.000; 10.145.100; 10.147.000; 10.147.010; 10.147.100
A43: Leistung | B43: 10.140 | C43: 10.147.000 | D43: Couts du matériel fauteuil roulant manuel | E43: Prix public | F43: CHF | I43: 46296 | J43: 401768 | K43: 10.142.000; 10.144.000; 10.146.000; 10.146.100; 10.148.000; 10.148.010; 10.148.100
A44: Leistung | B44: 10.140 | C44: 10.147.010 | D44: Forfait pour petit matériel et matériel de nettoyage – fauteuil roulant manuel | E44: Facturable qu'une seule fois par réparation | F44: CHF | G44: 9.73 | H44: 9 | I44: 46296 | J44: 401768 | K44: 10.142.000; 10.144.000; 10.146.000; 10.146.100; 10.148.000; 10.148.010; 10.148.100
A45: Leistung | B45: 10.140 | C45: 10.147.100 | D45: Couts du matériel pour la reprise de OH existants, fauteuil roulant manuel | E45: Prix public | F45: CHF | I45: 46296 | J45: 401768 | K45: 10.142.000; 10.144.000; 10.146.000; 10.146.100; 10.148.000; 10.148.010; 10.148.100
A46: Leistung | B46: 10.140 | C46: 10.148.000 | D46: Couts du matériel fauteuil roulant électrique | E46: Prix public | F46: CHF | I46: 46296 | J46: 401768 | K46: 10.141.000; 10.143.000; 10.145.000; 10.145.100; 10.147.000; 10.147.010; 10.147.100
A47: Leistung | B47: 10.140 | C47: 10.148.010 | D47: Forfait pour petit matériel et matériel de nettoyage – fauteuil roulant électrique | E47: Facturable qu'une seule fois par réparation | F47: CHF | G47: 19.46 | H47: 18 | I47: 46296 | J47: 401768 | K47: 10.141.000; 10.143.000; 10.145.000; 10.145.100; 10.147.000; 10.147.010; 10.147.100
A48: Leistung | B48: 10.140 | C48: 10.148.100 | D48: Couts du matériel pour la reprise de OH existants, fauteuil roulant électrique | E48: Prix public | F48: CHF | I48: 46296 | J48: 401768 | K48: 10.141.000; 10.143.000; 10.145.000; 10.145.100; 10.147.000; 10.147.010; 10.147.100
A49: Kapitel | B49: 10.150 | D49: Franchises | I49: 46296 | J49: 401768
A50: Leistung | B50: 10.150 | C50: 10.151.000 | D50: Participation financière privée (selon le souhait du client) | E50: Prestations qui ne sont pas couvertes par l'assureur, ne sont pas inclus dans le tarif et le client les demande explicitement. | F50: CHF | I50: 46296 | J50: 401768
A51: Leistung | B51: 10.150 | C51: 10.152.000 | D51: Franchise du client pour les prestations selon la CMAI | E51: à déduire sur l'offre/le devis et la facture | F51: CHF | I51: 46296 | J51: 401768
A52: Leistung | B52: 10.150 | C52: 10.153.000 | D52: Participation financière privé avec droit acquis | E52: à déduire sur l'offre/le devis et la facture | F52: CHF | I52: 46296 | J52: 401768
A53: Leistung | B53: 10.150 | C53: 10.154.000 | D53: Déduction de la participation financière privée sur la base du souhait du client | E53: Déduction de la participation personnelle sur le devis et la facture correspondant à la demande du client mentionnée sous le chiffre tarifaire 10.151.000 | F53: CHF | I53: 46296 | J53: 401768
A54: Kapitel | B54: 20 | D54: Fauteuils roulants de base | E54: Les forfaits de fauteuils roulants et les modèles de fauteuils roulants ne peuvent pas être cumulés entre eux. | I54: 46296 | J54: 401768 | K54: 30; 40; 50; 60; 80; 70.400; 90.400
A55: Kapitel | B55: 20.000 | D55: Fauteuils roulants de base selon degré d'handicap (DH) | E55: Caractéristiques de conception - Fauteuil roulant manuel pliable 3 largeurs d‘assise 2 profondeurs d‘assise 2 différents repose-jambes 2 différents accoudoirs amovibles 2 hauteurs d’assise réglables | I55: 46296 | J55: 401768
A56: Leistung | B56: 20.000 | C56: 20.010.000 | D56: Fauteuil roulant de base DH-1 | E56: Cumulable uniquement avec les chapitres 10, 20, 70, 90.100 et 90.200 | F56: CHF | G56: 2132.11 | H56: 1972.35 | I56: 46296 | J56: 401768 | K56: 20.020.000; 20.030.000; 20.040.000
A57: Leistung | B57: 20.000 | C57: 20.020.000 | D57: Fauteuil roulant de base DH-2 | E57: Cumulable uniquement avec les chapitres 10, 20, 70, 90.100 et 90.200 | F57: CHF | G57: 2204 | H57: 2038.85 | I57: 46296 | J57: 401768 | K57: 20.010.000; 20.030.000; 20.040.000
A58: Leistung | B58: 20.000 | C58: 20.030.000 | D58: Fauteuil roulant de base DH-3 | E58: Cumulable uniquement avec les chapitres 10, 20, 70, 90.100 et 90.200 | F58: CHF | G58: 2275.88 | H58: 2105.35 | I58: 46296 | J58: 401768 | K58: 20.010.000; 20.020.000; 20.040.000
A59: Leistung | B59: 20.000 | C59: 20.040.000 | D59: Fauteuil roulant de base DH-4 | E59: Cumulable uniquement avec les chapitres 10, 20, 70, 90.100 et 90.200 | F59: CHF | G59: 2347.77 | H59: 2171.85 | I59: 46296 | J59: 401768 | K59: 20.010.000; 20.020.000; 20.030.000
A60: Kapitel | B60: 20.100 | D60: Fauteuils roulants de base - Modèles | E60: Désignation = Marque - Modèle - Fabricant | I60: 46296 | J60: 401768
A61: Leistung | B61: 20.100 | C61: 20.100.999 | D61: Nouveau modèle, approuvé pour l'enregistrement | E61: Prestation statistique ; indication de la marque, du modèle, du fabricant, du fournisseur ; selon la liste publiée sur (www.mtk-ctm.ch) | F61: CHF | G61: 0 | H61: 0 | I61: 46296 | J61: 401768
A62: Leistung | B62: 20.100 | C62: 20.102.001 | D62: Breezy - RubiX² - Sunrise Medical GmbH | E62: Prestation statistique | F62: CHF | G62: 0 | H62: 0 | I62: 46296 | J62: 401768
A63: Leistung | B63: 20.100 | C63: 20.102.002 | D63: Breezy - Exigo 20 - Sunrise Medical GmbH | E63: Prestation statistique | F63: CHF | G63: 0 | H63: 0 | I63: 46296 | J63: 401768
A64: Leistung | B64: 20.100 | C64: 20.102.003 | D64: Breezy - BasiX² - Sunrise Medical GmbH | E64: Prestation statistique | F64: CHF | G64: 0 | H64: 0 | I64: 46296 | J64: 401768
A65: Leistung | B65: 20.100 | C65: 20.104.001 | D65: Dietz - Caneo_S - Dietz GmbH | E65: Prestation statistique | F65: CHF | G65: 0 | H65: 0 | I65: 46296 | J65: 401768
A66: Leistung | B66: 20.100 | C66: 20.104.002 | D66: Dietz - Basik+ - Dietz GmbH | E66: Prestation statistique | F66: CHF | G66: 0 | H66: 0 | I66: 46296 | J66: 401768
A67: Leistung | B67: 20.100 | C67: 20.104.003 | D67: Dietz - Caneo 200 - Dietz GmbH | E67: Prestation statistique | F67: CHF | G67: 0 | H67: 0 | I67: 46296 | J67: 401768
A68: Leistung | B68: 20.100 | C68: 20.104.004 | D68: Dietz - Caneo B - Dietz Gmbh | E68: Prestation statistique | F68: CHF | G68: 0 | H68: 0 | I68: 46296 | J68: 401768
A69: Leistung | B69: 20.100 | C69: 20.104.005 | D69: Dietz - Caneo E - Dietz GmbH | E69: Prestation statistique | F69: CHF | G69: 0 | H69: 0 | I69: 46296 | J69: 401768
A70: Leistung | B70: 20.100 | C70: 20.104.006 | D70: Dietz - Caneo L - Dietz GmbH | E70: Prestation statistique | F70: CHF | G70: 0 | H70: 0 | I70: 46296 | J70: 401768
A71: Leistung | B71: 20.100 | C71: 20.104.008 | D71: Dietz - TOMTAR MR-LG - Dietz GmbH | E71: Prestation statistique | F71: CHF | G71: 0 | H71: 0 | I71: 46296 | J71: 401768
A72: Leistung | B72: 20.100 | C72: 20.105.001 | D72: ETAC - M100 - ETAC GmbH Deutschland | E72: Prestation statistique | F72: CHF | G72: 0 | H72: 0 | I72: 46296 | J72: 401768
... A113: Leistung | B113: 20.100 | C113: 20.137.003 | D113: Vermeiren - V300-30° - Vermeiren | E113: Prestation statistique | F113: CHF | G113: 0 | H113: 0 | I113: 46296 | J113: 401768
A114: Kapitel | B114: 20.500 | D114: Accessoires forfaitaires | E114: ACCESSOIRES FORFAITAIRES Il s’agit ici des accessoires destinés au modèle de base du fauteuil roulant. Ces accessoires sont calculés au prorata dans le forfait et ne peuvent être comptés séparément. Les positions des accessoires attribués doivent être reprises sur la facture et la demande de garantie de prise en charge pour des raisons statistiques. ACCESSOIRES FORFAITAIRES SUPPLÉMENTAIRES SELON L'ANNEXE V Outre les accessoires forfaitaires, les forfaits comprennent également des variantes d'exécution, qui ne peuvent donc pas être facturées séparément. Pour une meilleure compréhension, les pictogrammes sont présentés à l'annexe V. | I114: 46296 | J114: 401768
A115: Leistung | B115: 20.500 | C115: 20.501.000 | D115: Dispositif anti-bascule, pièce | E115: Prestation statistique | F115: CHF | G115: 0 | H115: 0 | I115: 46296 | J115: 401768
A116: Leistung | B116: 20.500 | C116: 20.502.000 | D116: Dispositif anti-bascule, paire | E116: Prestation statistique | F116: CHF | G116: 0 | H116: 0 | I116: 46296 | J116: 401768
A117: Leistung | B117: 20.500 | C117: 20.503.000 | D117: Freins pour personne accompagnatrice, toutes variantes | E117: Prestation statistique | F117: CHF | G117: 0 | H117: 0 | I117: 46296 | J117: 401768
A118: Leistung | B118: 20.500 | C118: 20.504.000 | D118: Rallonge poignée de frein, toutes variantes | E118: Prestation statistique | F118: CHF | G118: 0 | H118: 0 | I118: 46296 | J118: 401768
A119: Leistung | B119: 20.500 | C119: 20.505.000 | D119: Palette repose-pieds réglable et/ou à bascule et/ou rabattable, toutes variantes | E119: Prestation statistique | F119: CHF | G119: 0 | H119: 0 | I119: 46296 | J119: 401768
A120: Leistung | B120: 20.500 | C120: 20.506.000 | D120: Aide bascule, toutes variantes | E120: Prestation statistique | F120: CHF | G120: 0 | H120: 0 | I120: 46296 | J120: 401768
A121: Leistung | B121: 20.500 | C121: 20.507.000 | D121: Assise et/ou dossier (aéré) adaptable, toutes variantes | E121: Prestation statistique | F121: CHF | G121: 0 | H121: 0 | I121: 46296 | J121: 401768
A122: Leistung | B122: 20.500 | C122: 20.508.000 | D122: Accoudoirs/protège vêtements réglable en hauteur, toutes variantes | E122: Prestation statistique | F122: CHF | G122: 0 | H122: 0 | I122: 46296 | J122: 401768
A123: Leistung | B123: 20.500 | C123: 20.509.000 | D123: Protège rayons, toutes variantes | E123: Prestation statistique | F123: CHF | G123: 0 | H123: 0 | I123: 46296 | J123: 401768
A124: Leistung | B124: 20.500 | C124: 20.510.000 | D124: Poignées de poussée réglable en hauteur, toutes variantes | E124: Prestation statistique | F124: CHF | G124: 0 | H124: 0 | I124: 46296 | J124: 401768
A125: Leistung | B125: 20.500 | C125: 20.511.000 | D125: Pneus increvables | E125: Prestation statistique | F125: CHF | G125: 0 | H125: 0 | I125: 46296 | J125: 401768
A126: Leistung | B126: 20.500 | C126: 20.512.000 | D126: Porte-béquilles | E126: Prestation statistique | F126: CHF | G126: 0 | H126: 0 | I126: 46296 | J126: 401768
A127: Kapitel | B127: 30 | D127: Fauteuils roulants adaptatifs | E127: Les forfaits de fauteuils roulants et les modèles de fauteuils roulants ne peuvent pas être cumulés entre eux. | I127: 46296 | J127: 401768 | K127: 20; 40; 50; 60; 80; 70.400; 90.400
A128: Kapitel | B128: 30.000 | D128: Fauteuils roulants adaptatifs selon degré du handicap (DH) | E128: A) FAUTEUIL ROULANT PLIABLE Caractéristiques de conception - Pour les enfants et les adolescents jusqu'à 20 ans qui ne peuvent pas être équipés d'un fauteuil roulant pour enfants en raison de leur taille. - Adaptable à différents handicaps et tailles de corps - Extensible par une large gamme d'accessoires (système modulaire) - Particulièrement approprié pour la réutilisation et les maladies progressives - Très bonnes caractéristiques de roulage pour clients avec autopropulsion Poids du fauteuil roulant max. 16 kg pesé, pour toutes les largeurs d'assise jusqu'à 48 cm pour les adultes, dans la version de base suivante avec : - Cadre - Roues arrière et avant - Housse de siège et de dossier - Accoudoirs / protèges vêtements - Repose-pieds - Freins Exigences à l'unité d’assise (Pas pour les fauteuils roulants pour enfants /ni pour modèles XXL) - Largeur d’assise : 36cm - 48cm Graduation maximale de 3cm - Profondeur d’assise : 38cm - 43cm Graduation maximale de 3cm - Hauteur de dossier : 35cm - 43cm Graduation maximale de 2,5cm Exigences au train roulant - Roues arrière avec cerceau et axe à démontage rapide - Changement du centre de gravité et réglage de l’inclinaison de l’assise par réglage de l’axe arrière (horizontal et vertical) ou construction équivalente - Réglage de la hauteur d’assise - Réglage du carrossage des roues arrière - Réglage du parallélisme des roues arrière - Réglage de l'angle d'inclinaison du support de la roue avant - Différentes tailles de roues avant disponibles en option - Diverses tailles de roues motrices disponibles en option Exigences pour les variantes d'équipement (doivent être disponibles en option) - Divers protège vêtements/accoudoirs interchangeables - Protège-rayons - Divers repose-pieds - Housse de dossier réglable B) FAUTEUIL ROULANT RIGIDE OU AVEC CHASSIS SOUDÉ (préassemblé) Caractéristiques de conception - Pour les enfants et les adolescents jusqu'à 20 ans qui ne peuvent pas être équipés d'un fauteuil roulant pour enfants en raison de leur taille. - Réglage du train arrière et supports de roue avant réglables et/ou soudés Poids du fauteuil roulant max. 16 kg pesé, pour toutes les largeurs d'assise jusqu'à 48 cm pour les adultes, dans la version de base suivante avec : - Cadre - Roues arrière et avant - Housse de siège et de dossier - Accoudoirs / protèges vêtements - Repose-pieds - Freins Exigences à l'unité d’assise (Pas pour les fauteuils roulants pour enfants /ni pour modèles XXL) - Largeur d’assise : 36cm - 48cm Graduation maximale de 3cm - Profondeur d’assise : 38cm - 43cm Graduation maximale de 3cm - Hauteur de dossier : 35cm - 43cm Graduation maximale de 2,5cm Exigences au train roulant - Roues arrière avec cerceau et axe à démontage rapide - Réglage du carrossage des roues arrière - Différentes tailles de roues avant disponibles en option - Diverses tailles de roues motrices disponibles en option Exigences pour les variantes d'équipement (doivent être disponible en option) - Protège-rayons - Divers repose-pieds - Housse de dossier réglable | I128: 46296 | J128: 401768
A129: Leistung | B129: 30.000 | C129: 30.010.000 | D129: Fauteuil roulant adaptatif DH-1 | E129: Cumulable uniquement avec les chapitres 10, 30, 70, 90.100 et 90.200 | F129: CHF | G129: 5774.17 | H129: 5341.51 | I129: 46296 | J129: 401768 | K129: 30.020.000; 30.030.000; 30.040.000
A130: Leistung | B130: 30.000 | C130: 30.020.000 | D130: Fauteuil roulant adaptatif DH-2 | E130: Cumulable uniquement avec les chapitres 10, 30, 70, 90.100 et 90.200 | F130: CHF | G130: 6063.88 | H130: 5609.51 | I130: 46296 | J130: 401768 | K130: 30.010.000; 30.030.000; 30.040.000
A131: Leistung | B131: 30.000 | C131: 30.030.000 | D131: Fauteuil roulant adaptatif DH-3 | E131: Cumulable uniquement avec les chapitres 10, 30, 70, 90.100 et 90.200 | F131: CHF | G131: 6633.93 | H131: 6136.85 | I131: 46296 | J131: 401768 | K131: 30.010.000; 30.020.000; 30.040.000
A132: Leistung | B132: 30.000 | C132: 30.040.000 | D132: Fauteuil roulant adaptatif DH-4 | E132: Cumulable uniquement avec les chapitres 10, 30, 70, 90.100 et 90.200 | F132: CHF | G132: 7175.96 | H132: 6638.26 | I132: 46296 | J132: 401768 | K132: 30.010.000; 30.020.000; 30.030.000
A133: Kapitel | B133: 30.100 | D133: Fauteuils roulants adaptatifs - Modèles | E133: Désignation = Marque - Modèle - Fabricant | I133: 46296 | J133: 401768
A134: Leistung | B134: 30.100 | C134: 30.100.999 | D134: Nouveau modèle, approuvé pour l'enregistrement | E134: Prestation statistique ; indication de la marque, du modèle, du fabricant, du fournisseur ; selon la liste publiée sur (www.mtk-ctm.ch) | F134: CHF | G134: 0 | H134: 0 | I134: 46296 | J134: 401768
A135: Leistung | B135: 30.100 | C135: 30.104.001 | D135: Dietz - AS01 - Dietz GmbH | E135: Prestation statistique | F135: CHF | G135: 0 | H135: 0 | I135: 46296 | J135: 401768
A136: Leistung | B136: 30.100 | C136: 30.104.002 | D136: Dietz - AS[advanced] - Dietz GmbH | E136: Prestation statistique | F136: CHF | G136: 0 | H136: 0 | I136: 46296 | J136: 401768
A137: Leistung | B137: 30.100 | C137: 30.105.002 | D137: Etac - Cross 5 - ETAC GmbH Deutschland | E137: Prestation statistique | F137: CHF | G137: 0 | H137: 0 | I137: 46296 | J137: 401768
A138: Leistung | B138: 30.100 | C138: 30.105.003 | D138: Etac - Etac Crissy Swing Away - ETAC GmbH Deutschland | E138: Prestation statistique | F138: CHF | G138: 0 | H138: 0 | I138: 46296 | J138: 401768
A139: Leistung | B139: 30.100 | C139: 30.105.004 | D139: Etac - Etac Crissy Swing Away - ETAC GmbH Deutschland | E139: Prestation statistique | F139: CHF | G139: 0 | H139: 0 | I139: 46296 | J139: 401768
A140: Leistung | B140: 30.100 | C140: 30.105.005 | D140: Etac - Cross 6 - ETAC GmbH Deutschland | E140: Prestation statistique | F140: CHF | G140: 0 | H140: 0 | I140: 46296 | J140: 401768
...

Sheet IT
A1: Tipo | B1: Capitolo | C1: Prestazione | D1: Denominazione | E1: Interpretazione | F1: Unità di fatturazione | G1: Prezzo IVA incl. | H1: Prezzo IVA escl. | I1: Valido dal | J1: Valido fino al | K1: Regole di cumulo V9.0 non cumulabili con
A2: Kapitel | B2: 10 | D2: Prestazioni generali | I2: 46296 | J2: 401768
A3: Kapitel | B3: 10.000 | D3: Informazioni di fornitura | E3: DISPOSIZIONI GENERALI Il modello della carrozzella consegnata e gli accessori forfettari utilizzati sono compresi nel forfait della carrozzella e devono essere indicati sulla fattura. Le opzioni relative al grado di disabilità sono fatturabili separatamente su prescrizione medica. TERMINI CARROZZELLA MANUALE Per le categorie seguenti si intendono le carrozzelle che per il loro genere corrispondono ad un mezzo ausiliare adeguato e pronto all'uso. Ne fa parte quanto segue: - telaio fisso o pieghevole - ruote posteriori e ruote anteriori girevoli - freni - telo sedile e coprischienale (fodera) - pedane - braccioli / protezioni laterali Le categorie ATTIVA, BAMBINI, SPECIALE possono anche essere usate come strutture per l'aggiunta di adattamenti della posizione seduta (ortesi per la seduta secondo tariffa ASTO). La funzionalità e la sicurezza devono essere approvate con la marcatura CE, la dichiarazione di conformità e la scheda sul prodotto in tedesco, francese e italiano (prodotti medici ODmed e direttiva 93/42/CEE). Possono essere fatturate solo le posizioni che figurano nell'elenco delle opzioni relative al grado di disabilità (allegato al modulo "Prescrizione medica per la fornitura di una carrozzella"). TELAIO PER SCOCCHE Il "telaio per scocche" (sedia a rotelle) corrisponde nel suo genere a sedie / carrozzelle speciali che però sono collegate alla fornitura di una scocca. CARROZZELLA ELETTRICA Per la categoria seguente si intendono carrozzelle elettriche che per il loro genere corrispondono ad un mezzo ausiliare adeguato e pronto all'uso. Ne fa parte quanto segue: - ruote motrici - ruote sterzanti - pedane - braccioli - batteria esente da manutenzione e caricabatteria La funzionalità e la sicurezza devono essere approvate con la marcatura CE, la dichiarazione di conformità e la scheda sul prodotto in tedesco, francese e italiano (prodotti medici ODmed e direttiva 93/42/CEE). Possono essere fatturate solo le voci tariffarie che figurano nell'elenco delle opzioni relative al grado di disabilità (allegato al modulo "Prescrizione medica per la fornitura di una carrozzella"). CARROZZELLA ELETTRICA PER USO ALL'INTERNO (VOCE TARIFFARIA 90.411.000) Alla voce tariffaria 90.411.000 possono essere fornite solo carrozzelle elettriche che non soddisfano i criteri di definizione per carrozzelle elettriche del capitolo 60. Si tratta di semplici carrozzelle elettriche per uso prevalentemente interno o per uso esterno limitato (ad es. carrozzine elettriche pieghevoli). CARROZZELLA ELETTRICA PER TERRENI ACCIDENTATI (VOCE TARIFFARIA 90.421.000) Alla voce tariffaria 90.421.000 possono essere fornite solo carrozzelle elettriche che non soddisfano i criteri di definizione per carrozzelle elettriche del capitolo 60. Si tratta di carrozzelle elettriche per uso su terreni accidentati. PROPULSORI ELETTRICI Per propulsori elettrici sono intesi i sistemi di azionamento elettrico / trazione elettrica adattabili per sedie a rotelle manuali. | I3: 46296 | J3: 401768
A4: Leistung | B4: 10.000 | C4: 10.001.000 | D4: Nuova fornitura | E4: Prestazione statistica | F4: CHF | G4: 0 | H4: 0 | I4: 46296 | J4: 401768 | K4: 80; 10.140; 10.002.000; 10.003.000; 10.004.000; 10.020.000; 10.021.000; 10.030.000; 10.031.000
A5: Leistung | B5: 10.000 | C5: 10.002.000 | D5: Fornitura successiva | E5: Prestazione statistica | F5: CHF | G5: 0 | H5: 0 | I5: 46296 | J5: 401768 | K5: 80; 10.140; 10.001.000; 10.003.000; 10.004.000; 10.020.000; 10.021.000; 10.030.000; 10.031.000
A6: Leistung | B6: 10.000 | C6: 10.003.000 | D6: Adattamento successivo | E6: Prestazione statistica | F6: CHF | G6: 0 | H6: 0 | I6: 46296 | J6: 401768 | K6: 20; 30; 40; 50; 60; 70, 80.500; 80.550; 10.001.000; 10.002.000; 10.004.000; 10.020.000; 10.021.000; 10.031.000
A7: Leistung | B7: 10.000 | C7: 10.004.000 | D7: Adattamento in un secondo tempo in conformità all'accordo quadro per la consegna di carrozzelle del 2001 (valido fino al 31.12.2017) | E7: Prestazione statistica; Cumulabile esclusivamente con il capitolo 80 | F7: CHF | G7: 0 | H7: 0 | I7: 46296 | J7: 401768 | K7: 20; 30; 40; 50; 60; 70; 90; 10.001.000; 10.002.000; 10.003.000; 10.020.000; 10.021.000; 10.031.000; 10.141.000; 10.142.000; 10.145.000; 10.146.000
A8: Leistung | B8: 10.000 | C8: 10.005.000 | D8: Cambiamento di posizione | E8: Prestazione statistica | F8: CHF | G8: 0 | H8: 0 | I8: 46296 | J8: 401768
A9: Leistung | B9: 10.000 | C9: 10.006.000 | D9: Crescita | E9: Prestazione statistica | F9: CHF | G9: 0 | H9: 0 | I9: 46296 | J9: 401768
A10: Leistung | B10: 10.000 | C10: 10.007.000 | D10: Postoperatoria/o | E10: Prestazione statistica | F10: CHF | G10: 0 | H10: 0 | I10: 46296 | J10: 401768
A11: Leistung | B11: 10.000 | C11: 10.008.000 | D11: Progressione | E11: Prestazione statistica | F11: CHF | G11: 0 | H11: 0 | I11: 46296 | J11: 401768
A12: Leistung | B12: 10.000 | C12: 10.008.010 | D12: Usura | E12: Prestazione statistica | F12: CHF | G12: 0 | H12: 0 | I12: 46296 | J12: 401768
A13: Leistung | B13: 10.000 | C13: 10.009.000 | D13: Altro | E13: Prestazione statistica; Indicazione del motivo di fornitura | F13: CHF | G13: 0 | H13: 0 | I13: 46296 | J13: 401768
A14: Leistung | B14: 10.000 | C14: 10.020.000 | D14: Riparazione | E14: Prestazione statistica | F14: CHF | G14: 0 | H14: 0 | I14: 46296 | J14: 401768 | K14: 20; 30; 40; 50; 60; 70; 90; 10.001.000; 10.002.000; 10.003.000; 10.004.000; 10.030.000; 10.031.000; 10.143.000; 10.144.000; 10.145.000; 10.146.000
A15: Leistung | B15: 10.000 | C15: 10.021.000 | D15: Riparazione in conformità all'accordo quadro per la consegna di carrozzelle del 2001 (valido fino al 31.12.2017) | E15: Prestazione statistica | F15: CHF | G15: 0 | H15: 0 | I15: 46296 | J15: 401768
A16: Leistung | B16: 10.000 | C16: 10.030.000 | D16: Revisione | E16: Prestazione statistica; Check up di controllo secondo le istruzioni del produttore; Cumulabile esclusivamente con il capitolo 80 | F16: CHF | G16: 0 | H16: 0 | I16: 46296 | J16: 401768 | K16: 20; 30; 40; 50; 60; 70; 90; 10.001.000; 10.002.000; 10.003.000; 10.004.000; 10.141.000; 10.142.000; 10.143.000; 10.144.000
A17: Leistung | B17: 10.000 | C17: 10.031.000 | D17: Revisione in conformità all'accordo quadro per la consegna di carrozzelle del 2001 (valido fino al 31.12.2017) | E17: Prestazione statistica | F17: CHF | G17: 0 | H17: 0 | I17: 46296 | J17: 401768
A18: Leistung | B18: 10.000 | C18: 10.032.000 | D18: Servizio di garanzia per carrozzelle manuali o elettriche | E18: Prestazione statistica | F18: CHF | G18: 0 | H18: 0 | I18: 46296 | J18: 401768
A19: Kapitel | B19: 10.110 | D19: Indennità di trasferta | E19: La remunerazione per le indennità di trasferta si basa alle osservazioni sul tariffario. L'indennità di trasferta comprende il viaggio di andata e ritorno. Se sul tragitto vengono visitati diversi clienti, l'indennità di trasferta deve essere ripartita equamente sui diversi clienti. | I19: 46296 | J19: 401768
A20: Leistung | B20: 10.110 | C20: 10.111.000 | D20: Indennità di trasferta I | E20: Raggio: 1 - 5 km | F20: CHF | G20: 23.11 | H20: 21.375 | I20: 46296 | J20: 401768 | K20: Regel aufgehoben
A21: Leistung | B21: 10.110 | C21: 10.112.000 | D21: Indennità di trasferta II | E21: Raggio: 6 - 20 km | F21: CHF | G21: 92.43 | H21: 85.5 | I21: 46296 | J21: 401768 | K21: Regel aufgehoben
A22: Leistung | B22: 10.110 | C22: 10.113.000 | D22: Indennità di trasferta III | E22: Raggio: 21 - 60 km | F22: CHF | G22: 205.39 | H22: 190 | I22: 46296 | J22: 401768 | K22: Regel aufgehoben
A23: Leistung | B23: 10.110 | C23: 10.114.000 | D23: Indennità di trasferta IV | E23: Raggio: 61 - 90 km | F23: CHF | G23: 308.09 | H23: 285 | I23: 46296 | J23: 401768 | K23: Regel aufgehoben
A24: Leistung | B24: 10.110 | C24: 10.115.000 | D24: Indennità di trasferta, costo effettivo | E24: Raggio: più di 90 km | F24: CHF | I24: 46296 | J24: 401768 | K24: Regel aufgehoben
A25: Kapitel | B25: 10.120 | D25: Consulenze e referti | I25: 46296 | J25: 401768
A26: Leistung | B26: 10.120 | C26: 10.121.000 | D26: Consulenza tecnica, ogni 15 min. | E26: Non rimborsato dagli assicuratori LAINF/LAM /LAI | F26: CHF | G26: 35.94 | H26: 33.25 | I26: 46296 | J26: 401768 | K26: 20; 30; 40; 50; 60; 70
A27: Leistung | B27: 10.120 | C27: 10.122.000 | D27: Referto, ogni 15 min. | E27: Vale esclusivamente per i referti chiesti dagli assicuratori. | F27: CHF | G27: 35.94 | H27: 33.25 | I27: 46296 | J27: 401768 | K27: 20; 30; 40; 50; 60; 70
A28: Kapitel | B28: 10.130 | D28: Noleggio di sedie a rotelle | E28: In caso di necessità urgente, può essere consegnata a noleggio una carrozzella, come soluzione temporanea per un massimo di 90 giorni fino alla consegna del mezzo definitivo. Il noleggio può essere fatturato alle istituzioni sociali federali, conformemente alle corrispondenti posizioni tariffarie. Nei settori AINF e AM, questa limitazione non si applica se il noleggio della carrozzella è previsto per un periodo limitato durante una fase medicalmente necessaria (cure post-operatorie, immobilizzazione, ecc.) e a condizione che la persona assicurata non sia permanentemente dipendente da una carrozzella. Il periodo di noleggio si basa sulla prescrizione medica rilasciata dal medico curante. Se il noleggio supera i 90 giorni, una richiesta giustificata di proroga del periodo di noleggio deve essere presentata in anticipo all'assicuratore responsabile. È responsabilità del proprietario di assicurarsi che la carrozzella a noleggio venga restituita in tempo previsto. | I28: 46296 | J28: 401768
A29: Leistung | B29: 10.130 | C29: 10.131.000 | D29: Tassa di base (pulizia, regolazioni) | E29: Limitazione: massimo 1x per periodo di noleggio | F29: CHF | G29: 143.77 | H29: 133 | I29: 46296 | J29: 401768
A30: Leistung | B30: 10.130 | C30: 10.132.000 | D30: Noleggio di una carrozzella manuale (sostituzione/fornitura intermedia; al giorno) | E30: Fatturabile secondo le osservazioni sul tariffario. Limitazione: massimo 90 giorni | F30: CHF | G30: 4.32 | H30: 4 | I30: 46296 | J30: 401768 | K30: 10.132.100, 10.133.000, 10.133.100
A31: Leistung | B31: 10.130 | C31: 10.132.100 | D31: Noleggio di una carrozzella manuale durante un periodo di transizione medica (recupero post-operatorio, immobilizzazione, ecc.; al giorno) | E31: Fatturabile secondo le osservazioni sul tariffario. Proroga solo previa consultazione con l'assicuratore. Applicabile solo nel settore dell'AINF e dell'AM. Limitazione: massimo 90 giorni | F31: CHF | G31: 4.32 | H31: 4 | I31: 46296 | J31: 401768 | K31: 10.132.000; 10.133.000, 10.133.100
A32: Leistung | B32: 10.130 | C32: 10.133.000 | D32: Noleggio di una carrozzella elettrica (sostituzione/fornitura intermedia; al giorno) | E32: Fatturabile secondo le osservazioni sul tariffario. Limitazione: massimo 90 giorni | F32: CHF | G32: 10.81 | H32: 10 | I32: 46296 | J32: 401768 | K32: 10.132.000, 10.132.100, 10.133.100
A33: Leistung | B33: 10.130 | C33: 10.133.100 | D33: Noleggio di una carrozzella elettrica durante un periodo di transizione medica (soccorso post-operatorio, immobilizzazione, ecc.; al giorno) | E33: Fatturabile secondo le osservazioni sul tariffario. Proroga solo previa consultazione con l'assicuratore. Applicabile solo nel settore dell'AINF e dell'AM. Limitazione: massimo 90 giorni | F33: CHF | G33: 10.81 | H33: 10 | I33: 46296 | J33: 401768 | K33: 10.132.000, 10.132.100, 10.133.000;
A34: Kapitel | B34: 10.140 | D34: Riparazioni/Adeguamenti in un secondo tempo/Revisioni | E34: Tutti i costi relativi allo smaltimento e al riciclaggio derivanti da riparazioni, modifiche o revisioni, nonché lo smaltimento di parti, rifiuti e/o altri materiali, sono a carico del fornitore delle prestazioni. Non è con-sentito addebitare tali costi all'ente assicuratore o alla persona assicurata. | I34: 46296 | J34: 401768
A35: Leistung | B35: 10.140 | C35: 10.141.000 | D35: Lavoro riparazione carrozzella manuale, ogni 15 min. | F35: CHF | G35: 35.94 | H35: 33.25 | I35: 46296 | J35: 401768 | K35: 10.142.000; 10.144.000; 10.146.000; 10.146.100; 10.148.000; 10.148.010; 10.148.100
A36: Leistung | B36: 10.140 | C36: 10.142.000 | D36: Lavoro riparazione carrozzella elettrica, ogni 15 min. | F36: CHF | G36: 35.94 | H36: 33.25 | I36: 46296 | J36: 401768 | K36: 10.141.000; 10.143.000; 10.145.000; 10.145.100; 10.147.000; 10.147.010; 10.147.100
A37: Leistung | B37: 10.140 | C37: 10.143.000 | D37: Lavoro di adeguamento in un secondo tempo carrozzella manuale, ogni 15 min. | F37: CHF | G37: 35.94 | H37: 33.25 | I37: 46296 | J37: 401768 | K37: 10.142.000; 10.144.000; 10.146.000; 10.146.100; 10.148.000; 10.148.010; 10.148.100
A38: Leistung | B38: 10.140 | C38: 10.144.000 | D38: Lavoro di adeguamento carrozzella elettrica, ogni 15 min. | F38: CHF | G38: 35.94 | H38: 33.25 | I38: 46296 | J38: 401768 | K38: 10.141.000; 10.143.000; 10.145.000; 10.145.100; 10.147.000; 10.147.010; 10.147.100
A39: Leistung | B39: 10.140 | C39: 10.145.000 | D39: Lavoro revisione carrozzella manuale, ogni 15 min. | F39: CHF | G39: 35.94 | H39: 33.25 | I39: 46296 | J39: 401768 | K39: 10.142.000; 10.144.000; 10.146.000; 10.146.100; 10.148.000; 10.148.010; 10.148.100
A40: Leistung | B40: 10.140 | C40: 10.145.100 | D40: Lavori per il recupero di OrGD esistenti, carrozzella manuale, ogni 15 min. | F40: CHF | G40: 35.94 | H40: 33.25 | I40: 46296 | J40: 401768 | K40: 10.142.000; 10.144.000; 10.146.000; 10.146.100; 10.148.000; 10.148.010; 10.148.100
A41: Leistung | B41: 10.140 | C41: 10.146.000 | D41: Lavoro revisione carrozzella elettrica, ogni 15 min. | F41: CHF | G41: 35.94 | H41: 33.25 | I41: 46296 | J41: 401768 | K41: 10.141.000; 10.143.000; 10.145.000; 10.145.100; 10.147.000; 10.147.010; 10.147.100
A42: Leistung | B42: 10.140 | C42: 10.146.100 | D42: Lavori per il recupero di OrGD esistenti, carrozzella elettrica, ogni 15 min. | F42: CHF | G42: 35.94 | H42: 33.25 | I42: 46296 | J42: 401768 | K42: 10.141.000; 10.143.000; 10.145.000; 10.145.100; 10.147.000; 10.147.010; 10.147.100
A43: Leistung | B43: 10.140 | C43: 10.147.000 | D43: Costo del materiale per carrozzella manuale | E43: Prezzo pubblico | F43: CHF | I43: 46296 | J43: 401768 | K43: 10.142.000; 10.144.000; 10.146.000; 10.146.100; 10.148.000; 10.148.010; 10.148.100
A44: Leistung | B44: 10.140 | C44: 10.147.010 | D44: Forfait per piccolo materiale e prodotti di pulizia per carrozzelle manuali | E44: Fatturabile una sola volta per ogni riparazione | F44: CHF | G44: 9.73 | H44: 9 | I44: 46296 | J44: 401768 | K44: 10.142.000; 10.144.000; 10.146.000; 10.146.100; 10.148.000; 10.148.010; 10.148.100
A45: Leistung | B45: 10.140 | C45: 10.147.100 | D45: Costo del materiale di OrGD esistenti per carrozzella manuale | E45: Prezzo pubblico | F45: CHF | I45: 46296 | J45: 401768 | K45: 10.142.000; 10.144.000; 10.146.000; 10.146.100; 10.148.000; 10.148.010; 10.148.100
A46: Leistung | B46: 10.140 | C46: 10.148.000 | D46: Costo del materiale per carrozzella elettrica | E46: Prezzo pubblico | F46: CHF | I46: 46296 | J46: 401768 | K46: 10.141.000; 10.143.000; 10.145.000; 10.145.100; 10.147.000; 10.147.010; 10.147.100
A47: Leistung | B47: 10.140 | C47: 10.148.010 | D47: Forfait per piccolo materiale e prodotti di pulizia per carrozzelle elettriche | E47: Fatturabile una sola volta per ogni riparazione | F47: CHF | G47: 19.46 | H47: 18 | I47: 46296 | J47: 401768 | K47: 10.141.000; 10.143.000; 10.145.000; 10.145.100; 10.147.000; 10.147.010; 10.147.100
A48: Leistung | B48: 10.140 | C48: 10.148.100 | D48: Costo del materiale di OrGD esistenti per carrozzella elettrica | E48: Prezzo pubblico | F48: CHF | I48: 46296 | J48: 401768 | K48: 10.141.000; 10.143.000; 10.145.000; 10.145.100; 10.147.000; 10.147.010; 10.147.100
A49: Kapitel | B49: 10.150 | D49: Franchigie | I49: 46296 | J49: 401768
A50: Leistung | B50: 10.150 | C50: 10.151.000 | D50: Pagamento aggiuntivo privato (su richiesta del cliente) | E50: Prestazioni richieste esplicitamente dal cliente che non sono coperte dall'assicuratore e non sono incluse nella tariffa. | F50: CHF | I50: 46296 | J50: 401768
A51: Leistung | B51: 10.150 | C51: 10.152.000 | D51: Franchigia del cliente per prestazioni secondo la CMAI | E51: da detrarre dall'offerta / preventivo e dalla fattura | F51: CHF | I51: 46296 | J51: 401768
A52: Leistung | B52: 10.150 | C52: 10.153.000 | D52: Partecipazione privata con diritti acquisiti | E52: da detrarre dall'offerta / preventivo e dalla fattura | F52: CHF | I52: 46296 | J52: 401768
A53: Leistung | B53: 10.150 | C53: 10.154.000 | D53: Detrazione del pagamento aggiuntivo privato sulla base della richiesta del cliente | E53: Detrazione del supplemento a carico del cliente indicato nel preventivo e nella fattura relativa alla richiesta del cliente di cui alla voce tariffaria 10.151.000 | F53: CHF | I53: 46296 | J53: 401768
A54: Kapitel | B54: 20 | D54: Carrozzelle standard | E54: I forfait per carrozzelle e i modelli di carrozzella non possono essere cumulati tra loro. | I54: 46296 | J54: 401768 | K54: 30; 40; 50; 60; 80; 70.400; 90.400
A55: Kapitel | B55: 20.000 | D55: Carrozzelle standard secondo grado di disabilità (GD) | E55: Caratteristiche della costruzione - Carrozzella pieghevole 3 larghezze di seduta 2 profondità di seduta 2 diversi poggiagambe 2 diversi braccioli estraibili 2 altezze regolabili del sedile | I55: 46296 | J55: 401768
A56: Leistung | B56: 20.000 | C56: 20.010.000 | D56: Carrozzella standard GD-1 | E56: Cumulabile esclusivamente con i capitoli 10, 20, 70, 90.100 et 90.200 | F56: CHF | G56: 2132.11 | H56: 1972.35 | I56: 46296 | J56: 401768 | K56: 20.020.000; 20.030.000; 20.040.000
A57: Leistung | B57: 20.000 | C57: 20.020.000 | D57: Carrozzella standard GD-2 | E57: Cumulabile esclusivamente con i capitoli 10, 20, 70, 90.100 et 90.200 | F57: CHF | G57: 2204 | H57: 2038.85 | I57: 46296 | J57: 401768 | K57: 20.010.000; 20.030.000; 20.040.000
A58: Leistung | B58: 20.000 | C58: 20.030.000 | D58: Carrozzella standard GD-3 | E58: Cumulabile esclusivamente con i capitoli 10, 20, 70, 90.100 et 90.200 | F58: CHF | G58: 2275.88 | H58: 2105.35 | I58: 46296 | J58: 401768 | K58: 20.010.000; 20.020.000; 20.040.000
A59: Leistung | B59: 20.000 | C59: 20.040.000 | D59: Carrozzella standard GD-4 | E59: Cumulabile esclusivamente con i capitoli 10, 20, 70, 90.100 et 90.200 | F59: CHF | G59: 2347.77 | H59: 2171.85 | I59: 46296 | J59: 401768 | K59: 20.010.000; 20.020.000; 20.030.000
A60: Kapitel | B60: 20.100 | D60: Modelli carrozzelle standard | E60: Denominazione = Marca - Modello - Fabbricante | I60: 46296 | J60: 401768
A61: Leistung | B61: 20.100 | C61: 20.100.999 | D61: Nuovo modello, approvato per la registrazione | E61: Prestazione statistica; indicazione di marca, modello, produttore, fornitore; secondo l'elenco pubblicato su (www.mtk-ctm.ch) | F61: CHF | G61: 0 | H61: 0 | I61: 46296 | J61: 401768
A62: Leistung | B62: 20.100 | C62: 20.102.001 | D62: Breezy - RubiX² - Sunrise Medical GmbH | E62: Prestazione statistica | F62: CHF | G62: 0 | H62: 0 | I62: 46296 | J62: 401768
A63: Leistung | B63: 20.100 | C63: 20.102.002 | D63: Breezy - Exigo 20 - Sunrise Medical GmbH | E63: Prestazione statistica | F63: CHF | G63: 0 | H63: 0 | I63: 46296 | J63: 401768
A64: Leistung | B64: 20.100 | C64: 20.102.003 | D64: Breezy - BasiX² - Sunrise Medical GmbH | E64: Prestazione statistica | F64: CHF | G64: 0 | H64: 0 | I64: 46296 | J64: 401768
A65: Leistung | B65: 20.100 | C65: 20.104.001 | D65: Dietz - Caneo_S - Dietz GmbH | E65: Prestazione statistica | F65: CHF | G65: 0 | H65: 0 | I65: 46296 | J65: 401768
A66: Leistung | B66: 20.100 | C66: 20.104.002 | D66: Dietz - Basik+ - Dietz GmbH | E66: Prestazione statistica | F66: CHF | G66: 0 | H66: 0 | I66: 46296 | J66: 401768
A67: Leistung | B67: 20.100 | C67: 20.104.003 | D67: Dietz - Caneo 200 - Dietz GmbH | E67: Prestazione statistica | F67: CHF | G67: 0 | H67: 0 | I67: 46296 | J67: 401768
A68: Leistung | B68: 20.100 | C68: 20.104.004 | D68: Dietz - Caneo B - Dietz Gmbh | E68: Prestazione statistica | F68: CHF | G68: 0 | H68: 0 | I68: 46296 | J68: 401768
A69: Leistung | B69: 20.100 | C69: 20.104.005 | D69: Dietz - Caneo E - Dietz GmbH | E69: Prestazione statistica | F69: CHF | G69: 0 | H69: 0 | I69: 46296 | J69: 401768
A70: Leistung | B70: 20.100 | C70: 20.104.006 | D70: Dietz - Caneo L - Dietz GmbH | E70: Prestazione statistica | F70: CHF | G70: 0 | H70: 0 | I70: 46296 | J70: 401768
A71: Leistung | B71: 20.100 | C71: 20.104.008 | D71: Dietz - TOMTAR MR-LG - Dietz GmbH | E71: Prestazione statistica | F71: CHF | G71: 0 | H71: 0 | I71: 46296 | J71: 401768
A72: Leistung | B72: 20.100 | C72: 20.105.001 | D72: ETAC - M100 - ETAC GmbH Deutschland | E72: Prestazione statistica | F72: CHF | G72: 0 | H72: 0 | I72: 46296 | J72: 401768
... A113: Leistung | B113: 20.100 | C113: 20.137.003 | D113: Vermeiren - V300-30° - Vermeiren | E113: Prestazione statistica | F113: CHF | G113: 0 | H113: 0 | I113: 46296 | J113: 401768
A114: Kapitel | B114: 20.500 | D114: Accessori forfettari per carrozzelle | E114: ACCESSORI FORFETTARI PER CARROZZELLE Si tratta di accessori da aggiungere al modello di base della carrozzella. Questi accessori sono stati integrati proporzionalmente nel forfait e non possono essere fatturati separatamente. Per motivi statistici è necessario indicare sulla richiesta per il benestare dei costi le posizioni degli accessori forniti. ULTERIORI ACCESSORI FORFETTARI SECONDO L'ALLEGATO V Oltre agli accessori forfettari, nei forfait sono incluse anche varianti di esecuzione che per conseguenza non possono essere fatturate separatamente. Per una migliore comprensione, i pittogrammi sono riportati nell'allegato V. | I114: 46296 | J114: 401768
A115: Leistung | B115: 20.500 | C115: 20.501.000 | D115: Ruotina antiribaltamento, 1 pezzo | E115: Prestazione statistica | F115: CHF | G115: 0 | H115: 0 | I115: 46296 | J115: 401768
A116: Leistung | B116: 20.500 | C116: 20.502.000 | D116: Ruotina antiribaltamento, 2 pezzi | E116: Prestazione statistica | F116: CHF | G116: 0 | H116: 0 | I116: 46296 | J116: 401768
A117: Leistung | B117: 20.500 | C117: 20.503.000 | D117: Freno accompagnatore, tutte le varianti | E117: Prestazione statistica | F117: CHF | G117: 0 | H117: 0 | I117: 46296 | J117: 401768
A118: Leistung | B118: 20.500 | C118: 20.504.000 | D118: Prolunga della leva del freno, tutte le varianti | E118: Prestazione statistica | F118: CHF | G118: 0 | H118: 0 | I118: 46296 | J118: 401768
A119: Leistung | B119: 20.500 | C119: 20.505.000 | D119: Poggiapiedi regolabile e/o spostabile lateralmente/in basso, tutte le varianti | E119: Prestazione statistica | F119: CHF | G119: 0 | H119: 0 | I119: 46296 | J119: 401768
A120: Leistung | B120: 20.500 | C120: 20.506.000 | D120: Dispositivo di ribaltamento, tutte le varianti | E120: Prestazione statistica | F120: CHF | G120: 0 | H120: 0 | I120: 46296 | J120: 401768
A121: Leistung | B121: 20.500 | C121: 20.507.000 | D121: Sedute e/o schienale regolabile / traspirante / fisso, tutte le varianti | E121: Prestazione statistica | F121: CHF | G121: 0 | H121: 0 | I121: 46296 | J121: 401768
A122: Leistung | B122: 20.500 | C122: 20.508.000 | D122: Parti laterali / braccioli regolabili in altezza, tutte le varianti | E122: Prestazione statistica | F122: CHF | G122: 0 | H122: 0 | I122: 46296 | J122: 401768
A123: Leistung | B123: 20.500 | C123: 20.509.000 | D123: Copriraggi, tutte le varianti | E123: Prestazione statistica | F123: CHF | G123: 0 | H123: 0 | I123: 46296 | J123: 401768
A124: Leistung | B124: 20.500 | C124: 20.510.000 | D124: Maniglie di spinta regolabili in altezza, tutte le varianti | E124: Prestazione statistica | F124: CHF | G124: 0 | H124: 0 | I124: 46296 | J124: 401768
A125: Leistung | B125: 20.500 | C125: 20.511.000 | D125: Pneumatici a prova di foratura | E125: Prestazione statistica | F125: CHF | G125: 0 | H125: 0 | I125: 46296 | J125: 401768
A126: Leistung | B126: 20.500 | C126: 20.512.000 | D126: Portastampelle | E126: Prestazione statistica | F126: CHF | G126: 0 | H126: 0 | I126: 46296 | J126: 401768
A127: Kapitel | B127: 30 | D127: Carrozzelle attive | E127: I forfait per carrozzelle e i modelli di carrozzella non possono essere cumulati tra loro. | I127: 46296 | J127: 401768 | K127: 20; 40; 50; 60; 80; 70.400; 90.400
A128: Kapitel | B128: 30.000 | D128: Carrozzelle attive secondo grado di disabilità (GD) | E128: A) CARROZZELLA CON TELAIO PIEGHEVOLE LEGGERO Caratteristiche della costruzione - Per bambini e adolescenti fino a 20 anni che, a causa della loro altezza, non possono essere provvisti di una carrozzella per bambini. - Adattabile alla disabilità ed alla costituzione fisica - Ampliabile grazie a numerosi accessori (sistema modulare) - Particolarmente adatta per il riutilizzo e per le malattie progressive - Ottime caratteristiche di rotolamento per i conducenti Peso massimo della carrozzella 16 kg Pesato, per tutte le larghezze di seduta fino a 48 cm per adulti, nella versione di base seguente: - Telaio - Ruote posteriori e anteriori - Coprisedile e coprischienale - Parti laterali - Pedane - Freni Requisiti dell'unità di seduta (non si applica alle sedie a rotelle per bambini né ai modelli XXL) - Larghezza della seduta: 36 cm – 48 cm, gradazione massima di 3 cm - Profondità di seduta: 38 cm – 43 cm, gradazione massima di 3 cm - Altezza dello schienale: 35 cm – 43 cm, gradazione massima di 2,5 cm Requisiti del telaio - Ruote posteriori con anelli di spinta, smontabili grazie a perni di sgancio rapido - Spostamento del baricentro e regolazione dell'inclinazione della seduta grazie alla possibilità di regolazione dell'asse posteriore (orizzontale e verticale) o costruzione simile - Regolazione dell'altezza della seduta - Campanatura delle ruote posteriori regolabile - Correzione della convergenza delle ruote posteriori - Regolazione dell'inclinazione della ruota anteriore - Disponibilità di diverse grandezze delle ruote anteriori (opzione) - Disponibilità di diverse grandezze delle ruote motrici (opzione) Requisiti degli equipaggiamenti (Devono essere ottenibili come opzione) - Diverse parti laterali / braccioli sostituibili - Protezione della ruota con parafango - Diverse tipologie di pedane - Coprischienale adattabile B) CARROZZELLE RIGIDE CON TELAIO FISSO o SALDATO (PRODOTTE IN SERIE) Caratteristiche della costruzione - Per bambini e adolescenti fino a 20 anni che, a causa della loro altezza, non possono essere provvisti di una carrozzella per bambini. - Regolazione dell'asse posteriore e supporto della ruota anteriore regolabile e/o saldata Peso massimo della carrozzella 16 kg Pesato, per tutte le larghezze di seduta fino a 48 cm per adulti, nella versione di base seguente: - Telaio - Ruote posteriori e anteriori - Coprisedile e coprischienale - Parti laterali - Pedane - Freni Requisiti dell'unità di seduta (non si applica alle sedie a rotelle per bambini né ai modelli XXL) - Larghezza della seduta: 36 cm – 48 cm, gradazione massima di 3 cm - Profondità di seduta: 38 cm – 43 cm, gradazione massima di 3 cm - Altezza dello schienale: 35 cm – 43 cm, gradazione massima di 2,5 cm Requisiti del telaio - Ruote posteriori con anelli di spinta, smontabili grazie a perni di sgancio rapido - Campanatura delle ruote posteriori regolabile - Disponibilità di diverse grandezze delle ruote anteriori (opzione) - Disponibilità di diverse grandezze delle ruote motrici (opzione) Requisiti degli equipaggiamenti (devono essere ottenibili come opzione) - Protezione della ruota con parafango - Diverse tipologie di pedane - Coprischienale adattabile | I128: 46296 | J128: 401768
A129: Leistung | B129: 30.000 | C129: 30.010.000 | D129: Carrozzella attiva GD-1 | E129: Cumulabile esclusivamente con i capitoli 10, 30, 70, 90.100 et 90.200 | F129: CHF | G129: 5774.17 | H129: 5341.51 | I129: 46296 | J129: 401768 | K129: 30.020.000; 30.030.000; 30.040.000
A130: Leistung | B130: 30.000 | C130: 30.020.000 | D130: Carrozzella attiva GD-2 | E130: Cumulabile esclusivamente con i capitoli 10, 30, 70, 90.100 et 90.200 | F130: CHF | G130: 6063.88 | H130: 5609.51 | I130: 46296 | J130: 401768 | K130: 30.010.000; 30.030.000; 30.040.000
A131: Leistung | B131: 30.000 | C131: 30.030.000 | D131: Carrozzella attiva GD-3 | E131: Cumulabile esclusivamente con i capitoli 10, 30, 70, 90.100 et 90.200 | F131: CHF | G131: 6633.93 | H131: 6136.85 | I131: 46296 | J131: 401768 | K131: 30.010.000; 30.020.000; 30.040.000
A132: Leistung | B132: 30.000 | C132: 30.040.000 | D132: Carrozzella attiva GD-4 | E132: Cumulabile esclusivamente con i capitoli 10, 30, 70, 90.100 et 90.200 | F132: CHF | G132: 7175.96 | H132: 6638.26 | I132: 46296 | J132: 401768 | K132: 30.010.000; 30.020.000; 30.030.000
A133: Kapitel | B133: 30.100 | D133: Modelli carrozzelle attive | E133: Denominazione = Marca - Modello - Fabbricante | I133: 46296 | J133: 401768
A134: Leistung | B134: 30.100 | C134: 30.100.999 | D134: Nuovo modello, approvato per la registrazione | E134: Prestazione statistica; indicazione di marca, modello, produttore, fornitore; secondo l'elenco pubblicato su (www.mtk-ctm.ch) | F134: CHF | G134: 0 | H134: 0 | I134: 46296 | J134: 401768
A135: Leistung | B135: 30.100 | C135: 30.104.001 | D135: Dietz - AS01 - Dietz GmbH | E135: Prestazione statistica | F135: CHF | G135: 0 | H135: 0 | I135: 46296 | J135: 401768
A136: Leistung | B136: 30.100 | C136: 30.104.002 | D136: Dietz - AS[advanced] - Dietz GmbH | E136: Prestazione statistica | F136: CHF | G136: 0 | H136: 0 | I136: 46296 | J136: 401768
A137: Leistung | B137: 30.100 | C137: 30.105.002 | D137: Etac - Cross 5 - ETAC GmbH Deutschland | E137: Prestazione statistica | F137: CHF | G137: 0 | H137: 0 | I137: 46296 | J137: 401768
A138: Leistung | B138: 30.100 | C138: 30.105.003 | D138: Etac - Etac Crissy Swing Away - ETAC GmbH Deutschland | E138: Prestazione statistica | F138: CHF | G138: 0 | H138: 0 | I138: 46296 | J138: 401768
A139: Leistung | B139: 30.100 | C139: 30.105.004 | D139: Etac - Etac Crissy Active - ETAC GmbH Deutschland | E139: Prestazione statistica | F139: CHF | G139: 0 | H139: 0 | I139: 46296 | J139: 401768
A140: Leistung | B140: 30.100 | C140: 30.105.005 | D140: Etac - Cross 6 - ETAC GmbH Deutschland | E140: Prestazione statistica | F140: CHF | G140: 0 | H140: 0 | I140: 46296 | J140: 401768
...

Sheet Regel Qnt.
A1: Regeltyp | B1: Zusatz | C1: Master_Nr | D1: Typ_Master | E1: Bezeichnung Master | F1: Slave_Nr | G1: Typ_Slave | H1: Bezeichnung Slave | I1: Beschreibung_DE | J1: Beschreibung_FR | K1: Beschreibung_IT | L1: Gueltig_von | M1: Gueltig_bis | N1: Stand | O1: 46210 | P1: chapitre | Q1: capitolo
A2: Exklusion | C2: 20 | D2: Kapitel | E2: =VLOOKUP(C2,IT!B:C,3,FALSE) -> #REF! | F2: 30 | G2: Kapitel | H2: =VLOOKUP(F2,IT!B:C,3,FALSE) -> #REF! | I2: =CONCATENATE("Nicht kumulierbar mit ",G2,": ",F2) -> Nicht kumulierbar mit Kapitel: 30 | J2: =CONCATENATE("Non cumulable avec ",$P$1," : ",F2) -> Non cumulable avec chapitre : 30 | K2: =CONCATENATE("Non cumulabile col ",$Q$1,": ",F2) -> Non cumulabile col capitolo: 30 | L2: 45292 | M2: 401768
A3: Exklusion | C3: 20 | D3: Kapitel | E3: =VLOOKUP(C3,IT!B:C,3,FALSE) -> #REF! | F3: 40 | G3: Kapitel | H3: =VLOOKUP(F3,IT!B:C,3,FALSE) -> #REF! | I3: =CONCATENATE("Nicht kumulierbar mit ",G3,": ",F3) -> Nicht kumulierbar mit Kapitel: 40 | J3: =CONCATENATE("Non cumulable avec ",$P$1," : ",F3) -> Non cumulable avec chapitre : 40 | K3: =CONCATENATE("Non cumulabile col ",$Q$1,": ",F3) -> Non cumulabile col capitolo: 40 | L3: 45292 | M3: 401768
A4: Exklusion | C4: 20 | D4: Kapitel | E4: =VLOOKUP(C4,IT!B:C,3,FALSE) -> #REF! | F4: 50 | G4: Kapitel | H4: =VLOOKUP(F4,IT!B:C,3,FALSE) -> #REF! | I4: =CONCATENATE("Nicht kumulierbar mit ",G4,": ",F4) -> Nicht kumulierbar mit Kapitel: 50 | J4: =CONCATENATE("Non cumulable avec ",$P$1," : ",F4) -> Non cumulable avec chapitre : 50 | K4: =CONCATENATE("Non cumulabile col ",$Q$1,": ",F4) -> Non cumulabile col capitolo: 50 | L4: 45292 | M4: 401768
A5: Exklusion | C5: 20 | D5: Kapitel | E5: =VLOOKUP(C5,IT!B:C,3,FALSE) -> #REF! | F5: 60 | G5: Kapitel | H5: =VLOOKUP(F5,IT!B:C,3,FALSE) -> #REF! | I5: =CONCATENATE("Nicht kumulierbar mit ",G5,": ",F5) -> Nicht kumulierbar mit Kapitel: 60 | J5: =CONCATENATE("Non cumulable avec ",$P$1," : ",F5) -> Non cumulable avec chapitre : 60 | K5: =CONCATENATE("Non cumulabile col ",$Q$1,": ",F5) -> Non cumulabile col capitolo: 60 | L5: 45292 | M5: 401768
A6: Exklusion | C6: 20 | D6: Kapitel | E6: =VLOOKUP(C6,IT!B:C,3,FALSE) -> #REF! | F6: 80 | G6: Kapitel | H6: =VLOOKUP(F6,IT!B:C,3,FALSE) -> #REF! | I6: =CONCATENATE("Nicht kumulierbar mit ",G6,": ",F6) -> Nicht kumulierbar mit Kapitel: 80 | J6: =CONCATENATE("Non cumulable avec ",$P$1," : ",F6) -> Non cumulable avec chapitre : 80 | K6: =CONCATENATE("Non cumulabile col ",$Q$1,": ",F6) -> Non cumulabile col capitolo: 80 | L6: 45292 | M6: 401768
A7: Exklusion | C7: 20 | D7: Kapitel | E7: =VLOOKUP(C7,IT!B:C,3,FALSE) -> #REF! | F7: 70.400 | G7: Kapitel | H7: =VLOOKUP(F7,IT!B:C,3,FALSE) -> #REF! | I7: =CONCATENATE("Nicht kumulierbar mit ",G7,": ",F7) -> Nicht kumulierbar mit Kapitel: 70.400 | J7: =CONCATENATE("Non cumulable avec ",$P$1," : ",F7) -> Non cumulable avec chapitre : 70.400 | K7: =CONCATENATE("Non cumulabile col ",$Q$1,": ",F7) -> Non cumulabile col capitolo: 70.400 | L7: 45292 | M7: 401768
A8: Exklusion | C8: 20 | D8: Kapitel | E8: =VLOOKUP(C8,IT!B:C,3,FALSE) -> #REF! | F8: 90.400 | G8: Kapitel | H8: =VLOOKUP(F8,IT!B:C,3,FALSE) -> #REF! | I8: =CONCATENATE("Nicht kumulierbar mit ",G8,": ",F8) -> Nicht kumulierbar mit Kapitel: 90.400 | J8: =CONCATENATE("Non cumulable avec ",$P$1," : ",F8) -> Non cumulable avec chapitre : 90.400 | K8: =CONCATENATE("Non cumulabile col ",$Q$1,": ",F8) -> Non cumulabile col capitolo: 90.400 | L8: 45292 | M8: 401768
A9: Exklusion | C9: 30 | D9: Kapitel | E9: =VLOOKUP(C9,IT!B:C,3,FALSE) -> #REF! | F9: 20 | G9: Kapitel | H9: =VLOOKUP(F9,IT!B:C,3,FALSE) -> #REF! | I9: =CONCATENATE("Nicht kumulierbar mit ",G9,": ",F9) -> Nicht kumulierbar mit Kapitel: 20 | J9: =CONCATENATE("Non cumulable avec ",$P$1," : ",F9) -> Non cumulable avec chapitre : 20 | K9: =CONCATENATE("Non cumulabile col ",$Q$1,": ",F9) -> Non cumulabile col capitolo: 20 | L9: 45292 | M9: 401768
A10: Exklusion | C10: 30 | D10: Kapitel | E10: =VLOOKUP(C10,IT!B:C,3,FALSE) -> #REF! | F10: 40 | G10: Kapitel | H10: =VLOOKUP(F10,IT!B:C,3,FALSE) -> #REF! | I10: =CONCATENATE("Nicht kumulierbar mit ",G10,": ",F10) -> Nicht kumulierbar mit Kapitel: 40 | J10: =CONCATENATE("Non cumulable avec ",$P$1," : ",F10) -> Non cumulable avec chapitre : 40 | K10: =CONCATENATE("Non cumulabile col ",$Q$1,": ",F10) -> Non cumulabile col capitolo: 40 | L10: 45292 | M10: 401768
A11: Exklusion | C11: 30 | D11: Kapitel | E11: =VLOOKUP(C11,IT!B:C,3,FALSE) -> #REF! | F11: 50 | G11: Kapitel | H11: =VLOOKUP(F11,IT!B:C,3,FALSE) -> #REF! | I11: =CONCATENATE("Nicht kumulierbar mit ",G11,": ",F11) -> Nicht kumulierbar mit Kapitel: 50 | J11: =CONCATENATE("Non cumulable avec ",$P$1," : ",F11) -> Non cumulable avec chapitre : 50 | K11: =CONCATENATE("Non cumulabile col ",$Q$1,": ",F11) -> Non cumulabile col capitolo: 50 | L11: 45292 | M11: 401768
A12: Exklusion | C12: 30 | D12: Kapitel | E12: =VLOOKUP(C12,IT!B:C,3,FALSE) -> #REF! | F12: 60 | G12: Kapitel | H12: =VLOOKUP(F12,IT!B:C,3,FALSE) -> #REF! | I12: =CONCATENATE("Nicht kumulierbar mit ",G12,": ",F12) -> Nicht kumulierbar mit Kapitel: 60 | J12: =CONCATENATE("Non cumulable avec ",$P$1," : ",F12) -> Non cumulable avec chapitre : 60 | K12: =CONCATENATE("Non cumulabile col ",$Q$1,": ",F12) -> Non cumulabile col capitolo: 60 | L12: 45292 | M12: 401768
A13: Exklusion | C13: 30 | D13: Kapitel | E13: =VLOOKUP(C13,IT!B:C,3,FALSE) -> #REF! | F13: 80 | G13: Kapitel | H13: =VLOOKUP(F13,IT!B:C,3,FALSE) -> #REF! | I13: =CONCATENATE("Nicht kumulierbar mit ",G13,": ",F13) -> Nicht kumulierbar mit Kapitel: 80 | J13: =CONCATENATE("Non cumulable avec ",$P$1," : ",F13) -> Non cumulable avec chapitre : 80 | K13: =CONCATENATE("Non cumulabile col ",$Q$1,": ",F13) -> Non cumulabile col capitolo: 80 | L13: 45292 | M13: 401768
... A37: Exklusion | C37: 70 | D37: Kapitel | E37: =VLOOKUP(C37,IT!B:C,3,FALSE) -> #REF! | F37: 90 | G37: Kapitel | H37: =VLOOKUP(F37,IT!B:C,3,FALSE) -> #REF! | I37: =CONCATENATE("Nicht kumulierbar mit ",G37,": ",F37) -> Nicht kumulierbar mit Kapitel: 90 | J37: =CONCATENATE("Non cumulable avec ",$P$1," : ",F37) -> Non cumulable avec chapitre : 90 | K37: =CONCATENATE("Non cumulabile col ",$Q$1,": ",F37) -> Non cumulabile col capitolo: 90 | L37: 45292 | M37: 401768
A38: Exklusion | C38: 10.001.000 | D38: Leistung | E38: =VLOOKUP(C38,IT!C:C,2,FALSE) -> #REF! | F38: 10.140 | G38: Kapitel | H38: =VLOOKUP(F38,IT!B:C,3,FALSE) -> #REF! | I38: =CONCATENATE("Nicht kumulierbar mit ",G38,": ",F38) -> Nicht kumulierbar mit Kapitel: 10.140 | J38: =CONCATENATE("Non cumulable avec ",$P$1," : ",F38) -> Non cumulable avec chapitre : 10.140 | K38: =CONCATENATE("Non cumulabile col ",$Q$1,": ",F38) -> Non cumulabile col capitolo: 10.140 | L38: 45566 | M38: 401768
A39: Exklusion | C39: 10.001.000 | D39: Leistung | E39: =VLOOKUP(C39,IT!C:C,2,FALSE) -> #REF! | F39: 80 | G39: Kapitel | H39: =VLOOKUP(F39,IT!B:C,3,FALSE) -> #REF! | I39: =CONCATENATE("Nicht kumulierbar mit ",G39,": ",F39) -> Nicht kumulierbar mit Kapitel: 80 | J39: =CONCATENATE("Non cumulable avec ",$P$1," : ",F39) -> Non cumulable avec chapitre : 80 | K39: =CONCATENATE("Non cumulabile col ",$Q$1,": ",F39) -> Non cumulabile col capitolo: 80 | L39: 45292 | M39: 401768
A40: Exklusion | C40: 10.001.000 | D40: Leistung | E40: =VLOOKUP(C40,IT!C:C,2,FALSE) -> #REF! | F40: 10.002.000 | G40: Leistung | H40: =VLOOKUP(F40,IT!C:C,2,FALSE) -> #REF! | I40: =CONCATENATE("Nicht kumulierbar mit ",G40,": ",F40) -> Nicht kumulierbar mit Leistung: 10.002.000 | J40: =CONCATENATE("Non cumulable avec ",$P$1," : ",F40) -> Non cumulable avec chapitre : 10.002.000 | K40: =CONCATENATE("Non cumulabile col ",$Q$1,": ",F40) -> Non cumulabile col capitolo: 10.002.000 | L40: 45292 | M40: 401768
A41: Exklusion | C41: 10.001.000 | D41: Leistung | E41: =VLOOKUP(C41,IT!C:C,2,FALSE) -> #REF! | F41: 10.003.000 | G41: Leistung | H41: =VLOOKUP(F41,IT!C:C,2,FALSE) -> #REF! | I41: =CONCATENATE("Nicht kumulierbar mit ",G41,": ",F41) -> Nicht kumulierbar mit Leistung: 10.003.000 | J41: =CONCATENATE("Non cumulable avec ",$P$1," : ",F41) -> Non cumulable avec chapitre : 10.003.000 | K41: =CONCATENATE("Non cumulabile col ",$Q$1,": ",F41) -> Non cumulabile col capitolo: 10.003.000 | L41: 45292 | M41: 401768
A42: Exklusion | C42: 10.001.000 | D42: Leistung | E42: =VLOOKUP(C42,IT!C:C,2,FALSE) -> #REF! | F42: 10.004.000 | G42: Leistung | H42: =VLOOKUP(F42,IT!C:C,2,FALSE) -> #REF! | I42: =CONCATENATE("Nicht kumulierbar mit ",G42,": ",F42) -> Nicht kumulierbar mit Leistung: 10.004.000 | J42: =CONCATENATE("Non cumulable avec ",$P$1," : ",F42) -> Non cumulable avec chapitre : 10.004.000 | K42: =CONCATENATE("Non cumulabile col ",$Q$1,": ",F42) -> Non cumulabile col capitolo: 10.004.000 | L42: 45566 | M42: 401768
A43: Exklusion | C43: 10.001.000 | D43: Leistung | E43: =VLOOKUP(C43,IT!C:C,2,FALSE) -> #REF! | F43: 10.020.000 | G43: Leistung | H43: =VLOOKUP(F43,IT!C:C,2,FALSE) -> #REF! | I43: =CONCATENATE("Nicht kumulierbar mit ",G43,": ",F43) -> Nicht kumulierbar mit Leistung: 10.020.000 | J43: =CONCATENATE("Non cumulable avec ",$P$1," : ",F43) -> Non cumulable avec chapitre : 10.020.000 | K43: =CONCATENATE("Non cumulabile col ",$Q$1,": ",F43) -> Non cumulabile col capitolo: 10.020.000 | L43: 45566 | M43: 401768
A44: Exklusion | C44: 10.001.000 | D44: Leistung | E44: =VLOOKUP(C44,IT!C:C,2,FALSE) -> #REF! | F44: 10.021.000 | G44: Leistung | H44: =VLOOKUP(F44,IT!C:C,2,FALSE) -> #REF! | I44: =CONCATENATE("Nicht kumulierbar mit ",G44,": ",F44) -> Nicht kumulierbar mit Leistung: 10.021.000 | J44: =CONCATENATE("Non cumulable avec ",$P$1," : ",F44) -> Non cumulable avec chapitre : 10.021.000 | K44: =CONCATENATE("Non cumulabile col ",$Q$1,": ",F44) -> Non cumulabile col capitolo: 10.021.000 | L44: 45566 | M44: 401768
A45: Exklusion | C45: 10.001.000 | D45: Leistung | E45: =VLOOKUP(C45,IT!C:C,2,FALSE) -> #REF! | F45: 10.030.000 | G45: Leistung | H45: =VLOOKUP(F45,IT!C:C,2,FALSE) -> #REF! | I45: =CONCATENATE("Nicht kumulierbar mit ",G45,": ",F45) -> Nicht kumulierbar mit Leistung: 10.030.000 | J45: =CONCATENATE("Non cumulable avec ",$P$1," : ",F45) -> Non cumulable avec chapitre : 10.030.000 | K45: =CONCATENATE("Non cumulabile col ",$Q$1,": ",F45) -> Non cumulabile col capitolo: 10.030.000 | L45: 45292 | M45: 401768
A46: Exklusion | C46: 10.001.000 | D46: Leistung | E46: =VLOOKUP(C46,IT!C:C,2,FALSE) -> #REF! | F46: 10.031.000 | G46: Leistung | H46: =VLOOKUP(F46,IT!C:C,2,FALSE) -> #REF! | I46: =CONCATENATE("Nicht kumulierbar mit ",G46,": ",F46) -> Nicht kumulierbar mit Leistung: 10.031.000 | J46: =CONCATENATE("Non cumulable avec ",$P$1," : ",F46) -> Non cumulable avec chapitre : 10.031.000 | K46: =CONCATENATE("Non cumulabile col ",$Q$1,": ",F46) -> Non cumulabile col capitolo: 10.031.000 | L46: 45566 | M46: 401768
A47: Exklusion | C47: 10.002.000 | D47: Leistung | E47: =VLOOKUP(C47,IT!C:C,2,FALSE) -> #REF! | F47: 10.140 | G47: Kapitel | H47: =VLOOKUP(F47,IT!B:C,3,FALSE) -> #REF! | I47: =CONCATENATE("Nicht kumulierbar mit ",G47,": ",F47) -> Nicht kumulierbar mit Kapitel: 10.140 | J47: =CONCATENATE("Non cumulable avec ",$P$1," : ",F47) -> Non cumulable avec chapitre : 10.140 | K47: =CONCATENATE("Non cumulabile col ",$Q$1,": ",F47) -> Non cumulabile col capitolo: 10.140 | L47: 45566 | M47: 401768
A48: Exklusion | C48: 10.002.000 | D48: Leistung | E48: =VLOOKUP(C48,IT!C:C,2,FALSE) -> #REF! | F48: 80 | G48: Kapitel | H48: =VLOOKUP(F48,IT!B:C,3,FALSE) -> #REF! | I48: =CONCATENATE("Nicht kumulierbar mit ",G48,": ",F48) -> Nicht kumulierbar mit Kapitel: 80 | J48: =CONCATENATE("Non cumulable avec ",$P$1," : ",F48) -> Non cumulable avec chapitre : 80 | K48: =CONCATENATE("Non cumulabile col ",$Q$1,": ",F48) -> Non cumulabile col capitolo: 80 | L48: 45292 | M48: 401768
A49: Exklusion | C49: 10.002.000 | D49: Leistung | E49: =VLOOKUP(C49,IT!C:C,2,FALSE) -> #REF! | F49: 10.003.000 | G49: Leistung | H49: =VLOOKUP(F49,IT!C:C,2,FALSE) -> #REF! | I49: =CONCATENATE("Nicht kumulierbar mit ",G49,": ",F49) -> Nicht kumulierbar mit Leistung: 10.003.000 | J49: =CONCATENATE("Non cumulable avec ",$P$1," : ",F49) -> Non cumulable avec chapitre : 10.003.000 | K49: =CONCATENATE("Non cumulabile col ",$Q$1,": ",F49) -> Non cumulabile col capitolo: 10.003.000 | L49: 45292 | M49: 401768
A50: Exklusion | C50: 10.002.000 | D50: Leistung | E50: =VLOOKUP(C50,IT!C:C,2,FALSE) -> #REF! | F50: 10.004.000 | G50: Leistung | H50: =VLOOKUP(F50,IT!C:C,2,FALSE) -> #REF! | I50: =CONCATENATE("Nicht kumulierbar mit ",G50,": ",F50) -> Nicht kumulierbar mit Leistung: 10.004.000 | J50: =CONCATENATE("Non cumulable avec ",$P$1," : ",F50) -> Non cumulable avec chapitre : 10.004.000 | K50: =CONCATENATE("Non cumulabile col ",$Q$1,": ",F50) -> Non cumulabile col capitolo: 10.004.000 | L50: 45566 | M50: 401768
A51: Exklusion | C51: 10.002.000 | D51: Leistung | E51: =VLOOKUP(C51,IT!C:C,2,FALSE) -> #REF! | F51: 10.020.000 | G51: Leistung | H51: =VLOOKUP(F51,IT!C:C,2,FALSE) -> #REF! | I51: =CONCATENATE("Nicht kumulierbar mit ",G51,": ",F51) -> Nicht kumulierbar mit Leistung: 10.020.000 | J51: =CONCATENATE("Non cumulable avec ",$P$1," : ",F51) -> Non cumulable avec chapitre : 10.020.000 | K51: =CONCATENATE("Non cumulabile col ",$Q$1,": ",F51) -> Non cumulabile col capitolo: 10.020.000 | L51: 45566 | M51: 401768
A52: Exklusion | C52: 10.002.000 | D52: Leistung | E52: =VLOOKUP(C52,IT!C:C,2,FALSE) -> #REF! | F52: 10.021.000 | G52: Leistung | H52: =VLOOKUP(F52,IT!C:C,2,FALSE) -> #REF! | I52: =CONCATENATE("Nicht kumulierbar mit ",G52,": ",F52) -> Nicht kumulierbar mit Leistung: 10.021.000 | J52: =CONCATENATE("Non cumulable avec ",$P$1," : ",F52) -> Non cumulable avec chapitre : 10.021.000 | K52: =CONCATENATE("Non cumulabile col ",$Q$1,": ",F52) -> Non cumulabile col capitolo: 10.021.000 | L52: 45566 | M52: 401768
A53: Exklusion | C53: 10.002.000 | D53: Leistung | E53: =VLOOKUP(C53,IT!C:C,2,FALSE) -> #REF! | F53: 10.030.000 | G53: Leistung | H53: =VLOOKUP(F53,IT!C:C,2,FALSE) -> #REF! | I53: =CONCATENATE("Nicht kumulierbar mit ",G53,": ",F53) -> Nicht kumulierbar mit Leistung: 10.030.000 | J53: =CONCATENATE("Non cumulable avec ",$P$1," : ",F53) -> Non cumulable avec chapitre : 10.030.000 | K53: =CONCATENATE("Non cumulabile col ",$Q$1,": ",F53) -> Non cumulabile col capitolo: 10.030.000 | L53: 45292 | M53: 401768
A54: Exklusion | C54: 10.002.000 | D54: Leistung | E54: =VLOOKUP(C54,IT!C:C,2,FALSE) -> #REF! | F54: 10.031.000 | G54: Leistung | H54: =VLOOKUP(F54,IT!C:C,2,FALSE) -> #REF! | I54: =CONCATENATE("Nicht kumulierbar mit ",G54,": ",F54) -> Nicht kumulierbar mit Leistung: 10.031.000 | J54: =CONCATENATE("Non cumulable avec ",$P$1," : ",F54) -> Non cumulable avec chapitre : 10.031.000 | K54: =CONCATENATE("Non cumulabile col ",$Q$1,": ",F54) -> Non cumulabile col capitolo: 10.031.000 | L54: 45566 | M54: 401768
A55: Exklusion | C55: 10.003.000 | D55: Leistung | E55: =VLOOKUP(C55,IT!C:C,2,FALSE) -> #REF! | F55: 20 | G55: Kapitel | H55: Basis-Rollstühle | I55: =CONCATENATE("Nicht kumulierbar mit ",G55,": ",F55) -> Nicht kumulierbar mit Kapitel: 20 | J55: =CONCATENATE("Non cumulable avec ",$P$1," : ",F55) -> Non cumulable avec chapitre : 20 | K55: =CONCATENATE("Non cumulabile col ",$Q$1,": ",F55) -> Non cumulabile col capitolo: 20 | L55: 45566 | M55: 401768
A56: Exklusion | C56: 10.003.000 | D56: Leistung | E56: =VLOOKUP(C56,IT!C:C,2,FALSE) -> #REF! | F56: 30 | G56: Kapitel | H56: Adaptiv-Rollstühle | I56: =CONCATENATE("Nicht kumulierbar mit ",G56,": ",F56) -> Nicht kumulierbar mit Kapitel: 30 | J56: =CONCATENATE("Non cumulable avec ",$P$1," : ",F56) -> Non cumulable avec chapitre : 30 | K56: =CONCATENATE("Non cumulabile col ",$Q$1,": ",F56) -> Non cumulabile col capitolo: 30 | L56: 45566 | M56: 401768
A57: Exklusion | C57: 10.003.000 | D57: Leistung | E57: =VLOOKUP(C57,IT!C:C,2,FALSE) -> #REF! | F57: 40 | G57: Kapitel | H57: Kinder-Rollstühle | I57: =CONCATENATE("Nicht kumulierbar mit ",G57,": ",F57) -> Nicht kumulierbar mit Kapitel: 40 | J57: =CONCATENATE("Non cumulable avec ",$P$1," : ",F57) -> Non cumulable avec chapitre : 40 | K57: =CONCATENATE("Non cumulabile col ",$Q$1,": ",F57) -> Non cumulabile col capitolo: 40 | L57: 45566 | M57: 401768
A58: Exklusion | C58: 10.003.000 | D58: Leistung | E58: =VLOOKUP(C58,IT!C:C,2,FALSE) -> #REF! | F58: 50 | G58: Kapitel | H58: Spezial-Rollstühle | I58: =CONCATENATE("Nicht kumulierbar mit ",G58,": ",F58) -> Nicht kumulierbar mit Kapitel: 50 | J58: =CONCATENATE("Non cumulable avec ",$P$1," : ",F58) -> Non cumulable avec chapitre : 50 | K58: =CONCATENATE("Non cumulabile col ",$Q$1,": ",F58) -> Non cumulabile col capitolo: 50 | L58: 45566 | M58: 401768
A59: Exklusion | C59: 10.003.000 | D59: Leistung | E59: =VLOOKUP(C59,IT!C:C,2,FALSE) -> #REF! | F59: 60 | G59: Kapitel | H59: Elektro-Rollstühle | I59: =CONCATENATE("Nicht kumulierbar mit ",G59,": ",F59) -> Nicht kumulierbar mit Kapitel: 60 | J59: =CONCATENATE("Non cumulable avec ",$P$1," : ",F59) -> Non cumulable avec chapitre : 60 | K59: =CONCATENATE("Non cumulabile col ",$Q$1,": ",F59) -> Non cumulabile col capitolo: 60 | L59: 45566 | M59: 401768
A60: Exklusion | C60: 10.003.000 | D60: Leistung | E60: =VLOOKUP(C60,IT!C:C,2,FALSE) -> #REF! | F60: 70 | G60: Kapitel | H60: =VLOOKUP(F60,IT!B:C,3,FALSE) -> #REF! | I60: =CONCATENATE("Nicht kumulierbar mit ",G60,": ",F60) -> Nicht kumulierbar mit Kapitel: 70 | J60: =CONCATENATE("Non cumulable avec ",$P$1," : ",F60) -> Non cumulable avec chapitre : 70 | K60: =CONCATENATE("Non cumulabile col ",$Q$1,": ",F60) -> Non cumulabile col capitolo: 70 | L60: 45292 | M60: 401768
A61: Exklusion | C61: 10.003.000 | D61: Leistung | E61: =VLOOKUP(C61,IT!C:C,2,FALSE) -> #REF! | F61: 80.500 | G61: Kapitel | H61: =VLOOKUP(F61,IT!B:C,3,FALSE) -> #REF! | I61: =CONCATENATE("Nicht kumulierbar mit ",G61,": ",F61) -> Nicht kumulierbar mit Kapitel: 80.500 | J61: =CONCATENATE("Non cumulable avec ",$P$1," : ",F61) -> Non cumulable avec chapitre : 80.500 | K61: =CONCATENATE("Non cumulabile col ",$Q$1,": ",F61) -> Non cumulabile col capitolo: 80.500 | L61: 45292 | M61: 401768
A62: Exklusion | C62: 10.003.000 | D62: Leistung | E62: =VLOOKUP(C62,IT!C:C,2,FALSE) -> #REF! | F62: 80.550 | G62: Kapitel | H62: =VLOOKUP(F62,IT!B:C,3,FALSE) -> #REF! | I62: =CONCATENATE("Nicht kumulierbar mit ",G62,": ",F62) -> Nicht kumulierbar mit Kapitel: 80.550 | J62: =CONCATENATE("Non cumulable avec ",$P$1," : ",F62) -> Non cumulable avec chapitre : 80.550 | K62: =CONCATENATE("Non cumulabile col ",$Q$1,": ",F62) -> Non cumulabile col capitolo: 80.550 | L62: 45292 | M62: 401768
A63: Exklusion | C63: 10.003.000 | D63: Leistung | E63: =VLOOKUP(C63,IT!C:C,2,FALSE) -> #REF! | F63: 10.004.000 | G63: Leistung | H63: =VLOOKUP(F63,IT!C:C,2,FALSE) -> #REF! | I63: =CONCATENATE("Nicht kumulierbar mit ",G63,": ",F63) -> Nicht kumulierbar mit Leistung: 10.004.000 | J63: =CONCATENATE("Non cumulable avec ",$P$1," : ",F63) -> Non cumulable avec chapitre : 10.004.000 | K63: =CONCATENATE("Non cumulabile col ",$Q$1,": ",F63) -> Non cumulabile col capitolo: 10.004.000 | L63: 45566 | M63: 401768
A64: Exklusion | C64: 10.003.000 | D64: Leistung | E64: =VLOOKUP(C64,IT!C:C,2,FALSE) -> #REF! | F64: 10.020.000 | G64: Leistung | H64: =VLOOKUP(F64,IT!C:C,2,FALSE) -> #REF! | I64: =CONCATENATE("Nicht kumulierbar mit ",G64,": ",F64) -> Nicht kumulierbar mit Leistung: 10.020.000 | J64: =CONCATENATE("Non cumulable avec ",$P$1," : ",F64) -> Non cumulable avec chapitre : 10.020.000 | K64: =CONCATENATE("Non cumulabile col ",$Q$1,": ",F64) -> Non cumulabile col capitolo: 10.020.000 | L64: 45566 | M64: 401768
A65: Exklusion | C65: 10.003.000 | D65: Leistung | E65: =VLOOKUP(C65,IT!C:C,2,FALSE) -> #REF! | F65: 10.021.000 | G65: Leistung | H65: =VLOOKUP(F65,IT!C:C,2,FALSE) -> #REF! | I65: =CONCATENATE("Nicht kumulierbar mit ",G65,": ",F65) -> Nicht kumulierbar mit Leistung: 10.021.000 | J65: =CONCATENATE("Non cumulable avec ",$P$1," : ",F65) -> Non cumulable avec chapitre : 10.021.000 | K65: =CONCATENATE("Non cumulabile col ",$Q$1,": ",F65) -> Non cumulabile col capitolo: 10.021.000 | L65: 45566 | M65: 401768
A66: Exklusion | C66: 10.003.000 | D66: Leistung | E66: =VLOOKUP(C66,IT!C:C,2,FALSE) -> #REF! | F66: 10.030.000 | G66: Leistung | H66: =VLOOKUP(F66,IT!C:C,2,FALSE) -> #REF! | I66: =CONCATENATE("Nicht kumulierbar mit ",G66,": ",F66) -> Nicht kumulierbar mit Leistung: 10.030.000 | J66: =CONCATENATE("Non cumulable avec ",$P$1," : ",F66) -> Non cumulable avec chapitre : 10.030.000 | K66: =CONCATENATE("Non cumulabile col ",$Q$1,": ",F66) -> Non cumulabile col capitolo: 10.030.000 | L66: 45292 | M66: 401768
A67: Exklusion | C67: 10.003.000 | D67: Leistung | E67: =VLOOKUP(C67,IT!C:C,2,FALSE) -> #REF! | F67: 10.031.000 | G67: Leistung | H67: =VLOOKUP(F67,IT!C:C,2,FALSE) -> #REF! | I67: =CONCATENATE("Nicht kumulierbar mit ",G67,": ",F67) -> Nicht kumulierbar mit Leistung: 10.031.000 | J67: =CONCATENATE("Non cumulable avec ",$P$1," : ",F67) -> Non cumulable avec chapitre : 10.031.000 | K67: =CONCATENATE("Non cumulabile col ",$Q$1,": ",F67) -> Non cumulabile col capitolo: 10.031.000 | L67: 45566 | M67: 401768
A68: Exklusion | C68: 10.003.000 | D68: Leistung | E68: =VLOOKUP(C68,IT!C:C,2,FALSE) -> #REF! | F68: 10.141.000 | G68: Leistung | H68: =VLOOKUP(F68,IT!C:C,2,FALSE) -> #REF! | I68: =CONCATENATE("Nicht kumulierbar mit ",G68,": ",F68) -> Nicht kumulierbar mit Leistung: 10.141.000 | J68: =CONCATENATE("Non cumulable avec ",$P$1," : ",F68) -> Non cumulable avec chapitre : 10.141.000 | K68: =CONCATENATE("Non cumulabile col ",$Q$1,": ",F68) -> Non cumulabile col capitolo: 10.141.000 | L68: 45292 | M68: 401768
A69: Exklusion | C69: 10.003.000 | D69: Leistung | E69: =VLOOKUP(C69,IT!C:C,2,FALSE) -> #REF! | F69: 10.142.000 | G69: Leistung | H69: =VLOOKUP(F69,IT!C:C,2,FALSE) -> #REF! | I69: =CONCATENATE("Nicht kumulierbar mit ",G69,": ",F69) -> Nicht kumulierbar mit Leistung: 10.142.000 | J69: =CONCATENATE("Non cumulable avec ",$P$1," : ",F69) -> Non cumulable avec chapitre : 10.142.000 | K69: =CONCATENATE("Non cumulabile col ",$Q$1,": ",F69) -> Non cumulabile col capitolo: 10.142.000 | L69: 45292 | M69: 401768
A70: Exklusion | C70: 10.003.000 | D70: Leistung | E70: =VLOOKUP(C70,IT!C:C,2,FALSE) -> #REF! | F70: 10.145.000 | G70: Leistung | H70: =VLOOKUP(F70,IT!C:C,2,FALSE) -> #REF! | I70: =CONCATENATE("Nicht kumulierbar mit ",G70,": ",F70) -> Nicht kumulierbar mit Leistung: 10.145.000 | J70: =CONCATENATE("Non cumulable avec ",$P$1," : ",F70) -> Non cumulable avec chapitre : 10.145.000 | K70: =CONCATENATE("Non cumulabile col ",$Q$1,": ",F70) -> Non cumulabile col capitolo: 10.145.000 | L70: 45292 | M70: 401768
A71: Exklusion | C71: 10.003.000 | D71: Leistung | E71: =VLOOKUP(C71,IT!C:C,2,FALSE) -> #REF! | F71: 10.146.000 | G71: Leistung | H71: =VLOOKUP(F71,IT!C:C,2,FALSE) -> #REF! | I71: =CONCATENATE("Nicht kumulierbar mit ",G71,": ",F71) -> Nicht kumulierbar mit Leistung: 10.146.000 | J71: =CONCATENATE("Non cumulable avec ",$P$1," : ",F71) -> Non cumulable avec chapitre : 10.146.000 | K71: =CONCATENATE("Non cumulabile col ",$Q$1,": ",F71) -> Non cumulabile col capitolo: 10.146.000 | L71: 45292 | M71: 401768
A72: Exklusion | C72: 10.004.000 | D72: Leistung | E72: =VLOOKUP(C72,IT!C:C,2,FALSE) -> #REF! | F72: 20 | G72: Kapitel | H72: =VLOOKUP(F72,IT!B:C,3,FALSE) -> #REF! | I72: =CONCATENATE("Nicht kumulierbar mit ",G72,": ",F72) -> Nicht kumulierbar mit Kapitel: 20 | J72: =CONCATENATE("Non cumulable avec ",$P$1," : ",F72) -> Non cumulable avec chapitre : 20 | K72: =CONCATENATE("Non cumulabile col ",$Q$1,": ",F72) -> Non cumulabile col capitolo: 20 | L72: 45292 | M72: 401768
A73: Exklusion | C73: 10.004.000 | D73: Leistung | E73: =VLOOKUP(C73,IT!C:C,2,FALSE) -> #REF! | F73: 30 | G73: Kapitel | H73: =VLOOKUP(F73,IT!B:C,3,FALSE) -> #REF! | I73: =CONCATENATE("Nicht kumulierbar mit ",G73,": ",F73) -> Nicht kumulierbar mit Kapitel: 30 | J73: =CONCATENATE("Non cumulable avec ",$P$1," : ",F73) -> Non cumulable avec chapitre : 30 | K73: =CONCATENATE("Non cumulabile col ",$Q$1,": ",F73) -> Non cumulabile col capitolo: 30 | L73: 45292 | M73: 401768
A74: Exklusion | C74: 10.004.000 | D74: Leistung | E74: =VLOOKUP(C74,IT!C:C,2,FALSE) -> #REF! | F74: 40 | G74: Kapitel | H74: =VLOOKUP(F74,IT!B:C,3,FALSE) -> #REF! | I74: =CONCATENATE("Nicht kumulierbar mit ",G74,": ",F74) -> Nicht kumulierbar mit Kapitel: 40 | J74: =CONCATENATE("Non cumulable avec ",$P$1," : ",F74) -> Non cumulable avec chapitre : 40 | K74: =CONCATENATE("Non cumulabile col ",$Q$1,": ",F74) -> Non cumulabile col capitolo: 40 | L74: 45292 | M74: 401768
A75: Exklusion | C75: 10.004.000 | D75: Leistung | E75: =VLOOKUP(C75,IT!C:C,2,FALSE) -> #REF! | F75: 50 | G75: Kapitel | H75: =VLOOKUP(F75,IT!B:C,3,FALSE) -> #REF! | I75: =CONCATENATE("Nicht kumulierbar mit ",G75,": ",F75) -> Nicht kumulierbar mit Kapitel: 50 | J75: =CONCATENATE("Non cumulable avec ",$P$1," : ",F75) -> Non cumulable avec chapitre : 50 | K75: =CONCATENATE("Non cumulabile col ",$Q$1,": ",F75) -> Non cumulabile col capitolo: 50 | L75: 45292 | M75: 401768
A76: Exklusion | C76: 10.004.000 | D76: Leistung | E76: =VLOOKUP(C76,IT!C:C,2,FALSE) -> #REF! | F76: 60 | G76: Kapitel | H76: =VLOOKUP(F76,IT!B:C,3,FALSE) -> #REF! | I76: =CONCATENATE("Nicht kumulierbar mit ",G76,": ",F76) -> Nicht kumulierbar mit Kapitel: 60 | J76: =CONCATENATE("Non cumulable avec ",$P$1," : ",F76) -> Non cumulable avec chapitre : 60 | K76: =CONCATENATE("Non cumulabile col ",$Q$1,": ",F76) -> Non cumulabile col capitolo: 60 | L76: 45292 | M76: 401768
A77: Exklusion | C77: 10.004.000 | D77: Leistung | E77: =VLOOKUP(C77,IT!C:C,2,FALSE) -> #REF! | F77: 70 | G77: Kapitel | H77: =VLOOKUP(F77,IT!B:C,3,FALSE) -> #REF! | I77: =CONCATENATE("Nicht kumulierbar mit ",G77,": ",F77) -> Nicht kumulierbar mit Kapitel: 70 | J77: =CONCATENATE("Non cumulable avec ",$P$1," : ",F77) -> Non cumulable avec chapitre : 70 | K77: =CONCATENATE("Non cumulabile col ",$Q$1,": ",F77) -> Non cumulabile col capitolo: 70 | L77: 45292 | M77: 401768
A78: Exklusion | C78: 10.004.000 | D78: Leistung | E78: =VLOOKUP(C78,IT!C:C,2,FALSE) -> #REF! | F78: 90 | G78: Kapitel | H78: =VLOOKUP(F78,IT!B:C,3,FALSE) -> #REF! | I78: =CONCATENATE("Nicht kumulierbar mit ",G78,": ",F78) -> Nicht kumulierbar mit Kapitel: 90 | J78: =CONCATENATE("Non cumulable avec ",$P$1," : ",F78) -> Non cumulable avec chapitre : 90 | K78: =CONCATENATE("Non cumulabile col ",$Q$1,": ",F78) -> Non cumulabile col capitolo: 90 | L78: 45292 | M78: 401768
A79: Exklusion | C79: 10.004.000 | D79: Leistung | E79: =VLOOKUP(C79,IT!C:C,2,FALSE) -> #REF! | F79: 10.020.000 | G79: Leistung | H79: =VLOOKUP(F79,IT!C:C,2,FALSE) -> #REF! | I79: =CONCATENATE("Nicht kumulierbar mit ",G79,": ",F79) -> Nicht kumulierbar mit Leistung: 10.020.000 | J79: =CONCATENATE("Non cumulable avec ",$P$1," : ",F79) -> Non cumulable avec chapitre : 10.020.000 | K79: =CONCATENATE("Non cumulabile col ",$Q$1,": ",F79) -> Non cumulabile col capitolo: 10.020.000 | L79: 45566 | M79: 401768
A80: Exklusion | C80: 10.004.000 | D80: Leistung | E80: =VLOOKUP(C80,IT!C:C,2,FALSE) -> #REF! | F80: 10.021.000 | G80: Leistung | H80: Reparatur nach Rahmenvereinbarung zur Abgabe von Rollstühlen von 2001 (gültig bis 31.12.2017) | I80: =CONCATENATE("Nicht kumulierbar mit ",G80,": ",F80) -> Nicht kumulierbar mit Leistung: 10.021.000 | J80: =CONCATENATE("Non cumulable avec ",$P$1," : ",F80) -> Non cumulable avec chapitre : 10.021.000 | K80: =CONCATENATE("Non cumulabile col ",$Q$1,": ",F80) -> Non cumulabile col capitolo: 10.021.000 | L80: 45566 | M80: 401768
A81: Exklusion | C81: 10.004.000 | D81: Leistung | E81: =VLOOKUP(C81,IT!C:C,2,FALSE) -> #REF! | F81: 10.030.000 | G81: Leistung | H81: Revision | I81: =CONCATENATE("Nicht kumulierbar mit ",G81,": ",F81) -> Nicht kumulierbar mit Leistung: 10.030.000 | J81: =CONCATENATE("Non cumulable avec ",$P$1," : ",F81) -> Non cumulable avec chapitre : 10.030.000 | K81: =CONCATENATE("Non cumulabile col ",$Q$1,": ",F81) -> Non cumulabile col capitolo: 10.030.000 | L81: 45566 | M81: 401768
A82: Exklusion | C82: 10.004.000 | D82: Leistung | E82: =VLOOKUP(C82,IT!C:C,2,FALSE) -> #REF! | F82: 10.031.000 | G82: Leistung | H82: Revision nach Rahmenvereinbarung zur Abgabe von Rollstühlen von 2001 (gültig bis 31.12.2017) | I82: =CONCATENATE("Nicht kumulierbar mit ",G82,": ",F82) -> Nicht kumulierbar mit Leistung: 10.031.000 | J82: =CONCATENATE("Non cumulable avec ",$P$1," : ",F82) -> Non cumulable avec chapitre : 10.031.000 | K82: =CONCATENATE("Non cumulabile col ",$Q$1,": ",F82) -> Non cumulabile col capitolo: 10.031.000 | L82: 45566 | M82: 401768
A83: Exklusion | C83: 10.004.000 | D83: Leistung | E83: =VLOOKUP(C83,IT!C:C,2,FALSE) -> #REF! | F83: 10.141.000 | G83: Leistung | H83: Arbeit Reparatur Handrollstuhl pro 15 Min. | I83: =CONCATENATE("Nicht kumulierbar mit ",G83,": ",F83) -> Nicht kumulierbar mit Leistung: 10.141.000 | J83: =CONCATENATE("Non cumulable avec ",$P$1," : ",F83) -> Non cumulable avec chapitre : 10.141.000 | K83: =CONCATENATE("Non cumulabile col ",$Q$1,": ",F83) -> Non cumulabile col capitolo: 10.141.000 | L83: 45566 | M83: 401768
A84: Exklusion | C84: 10.004.000 | D84: Leistung | E84: =VLOOKUP(C84,IT!C:C,2,FALSE) -> #REF! | F84: 10.142.000 | G84: Leistung | H84: Arbeit Reparatur Elektrorollstuhl pro 15 Min. | I84: =CONCATENATE("Nicht kumulierbar mit ",G84,": ",F84) -> Nicht kumulierbar mit Leistung: 10.142.000 | J84: =CONCATENATE("Non cumulable avec ",$P$1," : ",F84) -> Non cumulable avec chapitre : 10.142.000 | K84: =CONCATENATE("Non cumulabile col ",$Q$1,": ",F84) -> Non cumulabile col capitolo: 10.142.000 | L84: 45566 | M84: 401768
A85: Exklusion | C85: 10.004.000 | D85: Leistung | E85: =VLOOKUP(C85,IT!C:C,2,FALSE) -> #REF! | F85: 10.145.000 | G85: Leistung | H85: Arbeit Revision Handrollstuhl pro 15 Min. | I85: =CONCATENATE("Nicht kumulierbar mit ",G85,": ",F85) -> Nicht kumulierbar mit Leistung: 10.145.000 | J85: =CONCATENATE("Non cumulable avec ",$P$1," : ",F85) -> Non cumulable avec chapitre : 10.145.000 | K85: =CONCATENATE("Non cumulabile col ",$Q$1,": ",F85) -> Non cumulabile col capitolo: 10.145.000 | L85: 45566 | M85: 401768
A86: Exklusion | C86: 10.004.000 | D86: Leistung | E86: =VLOOKUP(C86,IT!C:C,2,FALSE) -> #REF! | F86: 10.146.000 | G86: Leistung | H86: Arbeit Revision Elektrorollstuhl pro 15 Min. | I86: =CONCATENATE("Nicht kumulierbar mit ",G86,": ",F86) -> Nicht kumulierbar mit Leistung: 10.146.000 | J86: =CONCATENATE("Non cumulable avec ",$P$1," : ",F86) -> Non cumulable avec chapitre : 10.146.000 | K86: =CONCATENATE("Non cumulabile col ",$Q$1,": ",F86) -> Non cumulabile col capitolo: 10.146.000 | L86: 45566 | M86: 401768
A87: Exklusion | C87: 10.020.000 | D87: Leistung | E87: =VLOOKUP(C87,IT!C:C,2,FALSE) -> #REF! | F87: 20 | G87: Kapitel | H87: =VLOOKUP(F87,IT!B:C,3,FALSE) -> #REF! | I87: =CONCATENATE("Nicht kumulierbar mit ",G87,": ",F87) -> Nicht kumulierbar mit Kapitel: 20 | J87: =CONCATENATE("Non cumulable avec ",$P$1," : ",F87) -> Non cumulable avec chapitre : 20 | K87: =CONCATENATE("Non cumulabile col ",$Q$1,": ",F87) -> Non cumulabile col capitolo: 20 | L87: 45566 | M87: 401768
A88: Exklusion | C88: 10.020.000 | D88: Leistung | E88: =VLOOKUP(C88,IT!C:C,2,FALSE) -> #REF! | F88: 30 | G88: Kapitel | H88: =VLOOKUP(F88,IT!B:C,3,FALSE) -> #REF! | I88: =CONCATENATE("Nicht kumulierbar mit ",G88,": ",F88) -> Nicht kumulierbar mit Kapitel: 30 | J88: =CONCATENATE("Non cumulable avec ",$P$1," : ",F88) -> Non cumulable avec chapitre : 30 | K88: =CONCATENATE("Non cumulabile col ",$Q$1,": ",F88) -> Non cumulabile col capitolo: 30 | L88: 45566 | M88: 401768
A89: Exklusion | C89: 10.020.000 | D89: Leistung | E89: =VLOOKUP(C89,IT!C:C,2,FALSE) -> #REF! | F89: 40 | G89: Kapitel | H89: =VLOOKUP(F89,IT!B:C,3,FALSE) -> #REF! | I89: =CONCATENATE("Nicht kumulierbar mit ",G89,": ",F89) -> Nicht kumulierbar mit Kapitel: 40 | J89: =CONCATENATE("Non cumulable avec ",$P$1," : ",F89) -> Non cumulable avec chapitre : 40 | K89: =CONCATENATE("Non cumulabile col ",$Q$1,": ",F89) -> Non cumulabile col capitolo: 40 | L89: 45566 | M89: 401768
A90: Exklusion | C90: 10.020.000 | D90: Leistung | E90: =VLOOKUP(C90,IT!C:C,2,FALSE) -> #REF! | F90: 50 | G90: Kapitel | H90: =VLOOKUP(F90,IT!B:C,3,FALSE) -> #REF! | I90: =CONCATENATE("Nicht kumulierbar mit ",G90,": ",F90) -> Nicht kumulierbar mit Kapitel: 50 | J90: =CONCATENATE("Non cumulable avec ",$P$1," : ",F90) -> Non cumulable avec chapitre : 50 | K90: =CONCATENATE("Non cumulabile col ",$Q$1,": ",F90) -> Non cumulabile col capitolo: 50 | L90: 45566 | M90: 401768
A91: Exklusion | C91: 10.020.000 | D91: Leistung | E91: =VLOOKUP(C91,IT!C:C,2,FALSE) -> #REF! | F91: 60 | G91: Kapitel | H91: =VLOOKUP(F91,IT!B:C,3,FALSE) -> #REF! | I91: =CONCATENATE("Nicht kumulierbar mit ",G91,": ",F91) -> Nicht kumulierbar mit Kapitel: 60 | J91: =CONCATENATE("Non cumulable avec ",$P$1," : ",F91) -> Non cumulable avec chapitre : 60 | K91: =CONCATENATE("Non cumulabile col ",$Q$1,": ",F91) -> Non cumulabile col capitolo: 60 | L91: 45566 | M91: 401768
A92: Exklusion | C92: 10.020.000 | D92: Leistung | E92: =VLOOKUP(C92,IT!C:C,2,FALSE) -> #REF! | F92: 70 | G92: Kapitel | H92: =VLOOKUP(F92,IT!B:C,3,FALSE) -> #REF! | I92: =CONCATENATE("Nicht kumulierbar mit ",G92,": ",F92) -> Nicht kumulierbar mit Kapitel: 70 | J92: =CONCATENATE("Non cumulable avec ",$P$1," : ",F92) -> Non cumulable avec chapitre : 70 | K92: =CONCATENATE("Non cumulabile col ",$Q$1,": ",F92) -> Non cumulabile col capitolo: 70 | L92: 45566 | M92: 401768
A93: Exklusion | C93: 10.020.000 | D93: Leistung | E93: =VLOOKUP(C93,IT!C:C,2,FALSE) -> #REF! | F93: 90 | G93: Kapitel | H93: =VLOOKUP(F93,IT!B:C,3,FALSE) -> #REF! | I93: =CONCATENATE("Nicht kumulierbar mit ",G93,": ",F93) -> Nicht kumulierbar mit Kapitel: 90 | J93: =CONCATENATE("Non cumulable avec ",$P$1," : ",F93) -> Non cumulable avec chapitre : 90 | K93: =CONCATENATE("Non cumulabile col ",$Q$1,": ",F93) -> Non cumulabile col capitolo: 90 | L93: 45566 | M93: 401768
A94: Exklusion | C94: 10.020.000 | D94: Leistung | E94: =VLOOKUP(C94,IT!C:C,2,FALSE) -> #REF! | F94: 10.030.000 | G94: Leistung | H94: =VLOOKUP(F94,IT!C:C,2,FALSE) -> #REF! | I94: =CONCATENATE("Nicht kumulierbar mit ",G94,": ",F94) -> Nicht kumulierbar mit Leistung: 10.030.000 | J94: =CONCATENATE("Non cumulable avec ",$P$1," : ",F94) -> Non cumulable avec chapitre : 10.030.000 | K94: =CONCATENATE("Non cumulabile col ",$Q$1,": ",F94) -> Non cumulabile col capitolo: 10.030.000 | L94: 45566 | M94: 401768
A95: Exklusion | C95: 10.020.000 | D95: Leistung | E95: =VLOOKUP(C95,IT!C:C,2,FALSE) -> #REF! | F95: 10.031.000 | G95: Leistung | H95: =VLOOKUP(F95,IT!C:C,2,FALSE) -> #REF! | I95: =CONCATENATE("Nicht kumulierbar mit ",G95,": ",F95) -> Nicht kumulierbar mit Leistung: 10.031.000 | J95: =CONCATENATE("Non cumulable avec ",$P$1," : ",F95) -> Non cumulable avec chapitre : 10.031.000 | K95: =CONCATENATE("Non cumulabile col ",$Q$1,": ",F95) -> Non cumulabile col capitolo: 10.031.000 | L95: 45566 | M95: 401768
A96: Exklusion | C96: 10.020.000 | D96: Leistung | E96: =VLOOKUP(C96,IT!C:C,2,FALSE) -> #REF! | F96: 10.143.000 | G96: Leistung | H96: =VLOOKUP(F96,IT!C:C,2,FALSE) -> #REF! | I96: =CONCATENATE("Nicht kumulierbar mit ",G96,": ",F96) -> Nicht kumulierbar mit Leistung: 10.143.000 | J96: =CONCATENATE("Non cumulable avec ",$P$1," : ",F96) -> Non cumulable avec chapitre : 10.143.000 | K96: =CONCATENATE("Non cumulabile col ",$Q$1,": ",F96) -> Non cumulabile col capitolo: 10.143.000 | L96: 45292 | M96: 401768
A97: Exklusion | C97: 10.020.000 | D97: Leistung | E97: =VLOOKUP(C97,IT!C:C,2,FALSE) -> #REF! | F97: 10.144.000 | G97: Leistung | H97: =VLOOKUP(F97,IT!C:C,2,FALSE) -> #REF! | I97: =CONCATENATE("Nicht kumulierbar mit ",G97,": ",F97) -> Nicht kumulierbar mit Leistung: 10.144.000 | J97: =CONCATENATE("Non cumulable avec ",$P$1," : ",F97) -> Non cumulable avec chapitre : 10.144.000 | K97: =CONCATENATE("Non cumulabile col ",$Q$1,": ",F97) -> Non cumulabile col capitolo: 10.144.000 | L97: 45292 | M97: 401768
A98: Exklusion | C98: 10.020.000 | D98: Leistung | E98: =VLOOKUP(C98,IT!C:C,2,FALSE) -> #REF! | F98: 10.145.000 | G98: Leistung | H98: =VLOOKUP(F98,IT!C:C,2,FALSE) -> #REF! | I98: =CONCATENATE("Nicht kumulierbar mit ",G98,": ",F98) -> Nicht kumulierbar mit Leistung: 10.145.000 | J98: =CONCATENATE("Non cumulable avec ",$P$1," : ",F98) -> Non cumulable avec chapitre : 10.145.000 | K98: =CONCATENATE("Non cumulabile col ",$Q$1,": ",F98) -> Non cumulabile col capitolo: 10.145.000 | L98: 45566 | M98: 401768
A99: Exklusion | C99: 10.020.000 | D99: Leistung | E99: =VLOOKUP(C99,IT!C:C,2,FALSE) -> #REF! | F99: 10.146.000 | G99: Leistung | H99: =VLOOKUP(F99,IT!C:C,2,FALSE) -> #REF! | I99: =CONCATENATE("Nicht kumulierbar mit ",G99,": ",F99) -> Nicht kumulierbar mit Leistung: 10.146.000 | J99: =CONCATENATE("Non cumulable avec ",$P$1," : ",F99) -> Non cumulable avec chapitre : 10.146.000 | K99: =CONCATENATE("Non cumulabile col ",$Q$1,": ",F99) -> Non cumulabile col capitolo: 10.146.000 | L99: 45566 | M99: 401768
A100: Exklusion | C100: 10.030.000 | D100: Leistung | E100: =VLOOKUP(C100,IT!C:C,2,FALSE) -> #REF! | F100: 20 | G100: Kapitel | H100: =VLOOKUP(F100,IT!B:C,3,FALSE) -> #REF! | I100: =CONCATENATE("Nicht kumulierbar mit ",G100,": ",F100) -> Nicht kumulierbar mit Kapitel: 20 | J100: =CONCATENATE("Non cumulable avec ",$P$1," : ",F100) -> Non cumulable avec chapitre : 20 | K100: =CONCATENATE("Non cumulabile col ",$Q$1,": ",F100) -> Non cumulabile col capitolo: 20 | L100: 45292 | M100: 401768
A101: Exklusion | C101: 10.030.000 | D101: Leistung | E101: =VLOOKUP(C101,IT!C:C,2,FALSE) -> #REF! | F101: 30 | G101: Kapitel | H101: =VLOOKUP(F101,IT!B:C,3,FALSE) -> #REF! | I101: =CONCATENATE("Nicht kumulierbar mit ",G101,": ",F101) -> Nicht kumulierbar mit Kapitel: 30 | J101: =CONCATENATE("Non cumulable avec ",$P$1," : ",F101) -> Non cumulable avec chapitre : 30 | K101: =CONCATENATE("Non cumulabile col ",$Q$1,": ",F101) -> Non cumulabile col capitolo: 30 | L101: 45292 | M101: 401768
A102: Exklusion | C102: 10.030.000 | D102: Leistung | E102: =VLOOKUP(C102,IT!C:C,2,FALSE) -> #REF! | F102: 40 | G102: Kapitel | H102: =VLOOKUP(F102,IT!B:C,3,FALSE) -> #REF! | I102: =CONCATENATE("Nicht kumulierbar mit ",G102,": ",F102) -> Nicht kumulierbar mit Kapitel: 40 | J102: =CONCATENATE("Non cumulable avec ",$P$1," : ",F102) -> Non cumulable avec chapitre : 40 | K102: =CONCATENATE("Non cumulabile col ",$Q$1,": ",F102) -> Non cumulabile col capitolo: 40 | L102: 45292 | M102: 401768
A103: Exklusion | C103: 10.030.000 | D103: Leistung | E103: =VLOOKUP(C103,IT!C:C,2,FALSE) -> #REF! | F103: 50 | G103: Kapitel | H103: =VLOOKUP(F103,IT!B:C,3,FALSE) -> #REF! | I103: =CONCATENATE("Nicht kumulierbar mit ",G103,": ",F103) -> Nicht kumulierbar mit Kapitel: 50 | J103: =CONCATENATE("Non cumulable avec ",$P$1," : ",F103) -> Non cumulable avec chapitre : 50 | K103: =CONCATENATE("Non cumulabile col ",$Q$1,": ",F103) -> Non cumulabile col capitolo: 50 | L103: 45292 | M103: 401768
A104: Exklusion | C104: 10.030.000 | D104: Leistung | E104: =VLOOKUP(C104,IT!C:C,2,FALSE) -> #REF! | F104: 60 | G104: Kapitel | H104: =VLOOKUP(F104,IT!B:C,3,FALSE) -> #REF! | I104: =CONCATENATE("Nicht kumulierbar mit ",G104,": ",F104) -> Nicht kumulierbar mit Kapitel: 60 | J104: =CONCATENATE("Non cumulable avec ",$P$1," : ",F104) -> Non cumulable avec chapitre : 60 | K104: =CONCATENATE("Non cumulabile col ",$Q$1,": ",F104) -> Non cumulabile col capitolo: 60 | L104: 45292 | M104: 401768
A105: Exklusion | C105: 10.030.000 | D105: Leistung | E105: =VLOOKUP(C105,IT!C:C,2,FALSE) -> #REF! | F105: 70 | G105: Kapitel | H105: =VLOOKUP(F105,IT!B:C,3,FALSE) -> #REF! | I105: =CONCATENATE("Nicht kumulierbar mit ",G105,": ",F105) -> Nicht kumulierbar mit Kapitel: 70 | J105: =CONCATENATE("Non cumulable avec ",$P$1," : ",F105) -> Non cumulable avec chapitre : 70 | K105: =CONCATENATE("Non cumulabile col ",$Q$1,": ",F105) -> Non cumulabile col capitolo: 70 | L105: 45292 | M105: 401768
A106: Exklusion | C106: 10.030.000 | D106: Leistung | E106: =VLOOKUP(C106,IT!C:C,2,FALSE) -> #REF! | F106: 90 | G106: Kapitel | H106: =VLOOKUP(F106,IT!B:C,3,FALSE) -> #REF! | I106: =CONCATENATE("Nicht kumulierbar mit ",G106,": ",F106) -> Nicht kumulierbar mit Kapitel: 90 | J106: =CONCATENATE("Non cumulable avec ",$P$1," : ",F106) -> Non cumulable avec chapitre : 90 | K106: =CONCATENATE("Non cumulabile col ",$Q$1,": ",F106) -> Non cumulabile col capitolo: 90 | L106: 45292 | M106: 401768
A107: Exklusion | C107: 10.030.000 | D107: Leistung | E107: =VLOOKUP(C107,IT!C:C,2,FALSE) -> #REF! | F107: 10.031.000 | G107: Leistung | H107: =VLOOKUP(F107,IT!C:C,2,FALSE) -> #REF! | I107: =CONCATENATE("Nicht kumulierbar mit ",G107,": ",F107) -> Nicht kumulierbar mit Leistung: 10.031.000 | J107: =CONCATENATE("Non cumulable avec ",$P$1," : ",F107) -> Non cumulable avec chapitre : 10.031.000 | K107: =CONCATENATE("Non cumulabile col ",$Q$1,": ",F107) -> Non cumulabile col capitolo: 10.031.000 | L107: 45566 | M107: 401768
A108: Exklusion | C108: 10.030.000 | D108: Leistung | E108: =VLOOKUP(C108,IT!C:C,2,FALSE) -> #REF! | F108: 10.141.000 | G108: Leistung | H108: =VLOOKUP(F108,IT!C:C,2,FALSE) -> #REF! | I108: =CONCATENATE("Nicht kumulierbar mit ",G108,": ",F108) -> Nicht kumulierbar mit Leistung: 10.141.000 | J108: =CONCATENATE("Non cumulable avec ",$P$1," : ",F108) -> Non cumulable avec chapitre : 10.141.000 | K108: =CONCATENATE("Non cumulabile col ",$Q$1,": ",F108) -> Non cumulabile col capitolo: 10.141.000 | L108: 45292 | M108: 401768
A109: Exklusion | C109: 10.030.000 | D109: Leistung | E109: =VLOOKUP(C109,IT!C:C,2,FALSE) -> #REF! | F109: 10.142.000 | G109: Leistung | H109: =VLOOKUP(F109,IT!C:C,2,FALSE) -> #REF! | I109: =CONCATENATE("Nicht kumulierbar mit ",G109,": ",F109) -> Nicht kumulierbar mit Leistung: 10.142.000 | J109: =CONCATENATE("Non cumulable avec ",$P$1," : ",F109) -> Non cumulable avec chapitre : 10.142.000 | K109: =CONCATENATE("Non cumulabile col ",$Q$1,": ",F109) -> Non cumulabile col capitolo: 10.142.000 | L109: 45292 | M109: 401768
A110: Exklusion | C110: 10.030.000 | D110: Leistung | E110: =VLOOKUP(C110,IT!C:C,2,FALSE) -> #REF! | F110: 10.143.000 | G110: Leistung | H110: =VLOOKUP(F110,IT!C:C,2,FALSE) -> #REF! | I110: =CONCATENATE("Nicht kumulierbar mit ",G110,": ",F110) -> Nicht kumulierbar mit Leistung: 10.143.000 | J110: =CONCATENATE("Non cumulable avec ",$P$1," : ",F110) -> Non cumulable avec chapitre : 10.143.000 | K110: =CONCATENATE("Non cumulabile col ",$Q$1,": ",F110) -> Non cumulabile col capitolo: 10.143.000 | L110: 45292 | M110: 401768
A111: Exklusion | C111: 10.030.000 | D111: Leistung | E111: =VLOOKUP(C111,IT!C:C,2,FALSE) -> #REF! | F111: 10.144.000 | G111: Leistung | H111: =VLOOKUP(F111,IT!C:C,2,FALSE) -> #REF! | I111: =CONCATENATE("Nicht kumulierbar mit ",G111,": ",F111) -> Nicht kumulierbar mit Leistung: 10.144.000 | J111: =CONCATENATE("Non cumulable avec ",$P$1," : ",F111) -> Non cumulable avec chapitre : 10.144.000 | K111: =CONCATENATE("Non cumulabile col ",$Q$1,": ",F111) -> Non cumulabile col capitolo: 10.144.000 | L111: 45292 | M111: 401768
A112: Exklusion | C112: 10.121.000 | D112: Leistung | E112: =VLOOKUP(C112,IT!C:C,2,FALSE) -> #REF! | F112: 20 | G112: Kapitel | H112: =VLOOKUP(F112,IT!B:C,3,FALSE) -> #REF! | I112: =CONCATENATE("Nicht kumulierbar mit ",G112,": ",F112) -> Nicht kumulierbar mit Kapitel: 20 | J112: =CONCATENATE("Non cumulable avec ",$P$1," : ",F112) -> Non cumulable avec chapitre : 20 | K112: =CONCATENATE("Non cumulabile col ",$Q$1,": ",F112) -> Non cumulabile col capitolo: 20 | L112: 45292 | M112: 401768
A113: Exklusion | C113: 10.121.000 | D113: Leistung | E113: =VLOOKUP(C113,IT!C:C,2,FALSE) -> #REF! | F113: 30 | G113: Kapitel | H113: =VLOOKUP(F113,IT!B:C,3,FALSE) -> #REF! | I113: =CONCATENATE("Nicht kumulierbar mit ",G113,": ",F113) -> Nicht kumulierbar mit Kapitel: 30 | J113: =CONCATENATE("Non cumulable avec ",$P$1," : ",F113) -> Non cumulable avec chapitre : 30 | K113: =CONCATENATE("Non cumulabile col ",$Q$1,": ",F113) -> Non cumulabile col capitolo: 30 | L113: 45292 | M113: 401768
A114: Exklusion | C114: 10.121.000 | D114: Leistung | E114: =VLOOKUP(C114,IT!C:C,2,FALSE) -> #REF! | F114: 40 | G114: Kapitel | H114: =VLOOKUP(F114,IT!B:C,3,FALSE) -> #REF! | I114: =CONCATENATE("Nicht kumulierbar mit ",G114,": ",F114) -> Nicht kumulierbar mit Kapitel: 40 | J114: =CONCATENATE("Non cumulable avec ",$P$1," : ",F114) -> Non cumulable avec chapitre : 40 | K114: =CONCATENATE("Non cumulabile col ",$Q$1,": ",F114) -> Non cumulabile col capitolo: 40 | L114: 45292 | M114: 401768
A115: Exklusion | C115: 10.121.000 | D115: Leistung | E115: =VLOOKUP(C115,IT!C:C,2,FALSE) -> #REF! | F115: 50 | G115: Kapitel | H115: =VLOOKUP(F115,IT!B:C,3,FALSE) -> #REF! | I115: =CONCATENATE("Nicht kumulierbar mit ",G115,": ",F115) -> Nicht kumulierbar mit Kapitel: 50 | J115: =CONCATENATE("Non cumulable avec ",$P$1," : ",F115) -> Non cumulable avec chapitre : 50 | K115: =CONCATENATE("Non cumulabile col ",$Q$1,": ",F115) -> Non cumulabile col capitolo: 50 | L115: 45292 | M115: 401768
A116: Exklusion | C116: 10.121.000 | D116: Leistung | E116: =VLOOKUP(C116,IT!C:C,2,FALSE) -> #REF! | F116: 60 | G116: Kapitel | H116: =VLOOKUP(F116,IT!B:C,3,FALSE) -> #REF! | I116: =CONCATENATE("Nicht kumulierbar mit ",G116,": ",F116) -> Nicht kumulierbar mit Kapitel: 60 | J116: =CONCATENATE("Non cumulable avec ",$P$1," : ",F116) -> Non cumulable avec chapitre : 60 | K116: =CONCATENATE("Non cumulabile col ",$Q$1,": ",F116) -> Non cumulabile col capitolo: 60 | L116: 45292 | M116: 401768
A117: Exklusion | C117: 10.121.000 | D117: Leistung | E117: =VLOOKUP(C117,IT!C:C,2,FALSE) -> #REF! | F117: 70 | G117: Kapitel | H117: =VLOOKUP(F117,IT!B:C,3,FALSE) -> #REF! | I117: =CONCATENATE("Nicht kumulierbar mit ",G117,": ",F117) -> Nicht kumulierbar mit Kapitel: 70 | J117: =CONCATENATE("Non cumulable avec ",$P$1," : ",F117) -> Non cumulable avec chapitre : 70 | K117: =CONCATENATE("Non cumulabile col ",$Q$1,": ",F117) -> Non cumulabile col capitolo: 70 | L117: 45292 | M117: 401768
A118: Exklusion | C118: 10.122.000 | D118: Leistung | E118: =VLOOKUP(C118,IT!C:C,2,FALSE) -> #REF! | F118: 20 | G118: Kapitel | H118: =VLOOKUP(F118,IT!B:C,3,FALSE) -> #REF! | I118: =CONCATENATE("Nicht kumulierbar mit ",G118,": ",F118) -> Nicht kumulierbar mit Kapitel: 20 | J118: =CONCATENATE("Non cumulable avec ",$P$1," : ",F118) -> Non cumulable avec chapitre : 20 | K118: =CONCATENATE("Non cumulabile col ",$Q$1,": ",F118) -> Non cumulabile col capitolo: 20 | L118: 45292 | M118: 401768
A119: Exklusion | C119: 10.122.000 | D119: Leistung | E119: =VLOOKUP(C119,IT!C:C,2,FALSE) -> #REF! | F119: 30 | G119: Kapitel | H119: =VLOOKUP(F119,IT!B:C,3,FALSE) -> #REF! | I119: =CONCATENATE("Nicht kumulierbar mit ",G119,": ",F119) -> Nicht kumulierbar mit Kapitel: 30 | J119: =CONCATENATE("Non cumulable avec ",$P$1," : ",F119) -> Non cumulable avec chapitre : 30 | K119: =CONCATENATE("Non cumulabile col ",$Q$1,": ",F119) -> Non cumulabile col capitolo: 30 | L119: 45292 | M119: 401768
A120: Exklusion | C120: 10.122.000 | D120: Leistung | E120: =VLOOKUP(C120,IT!C:C,2,FALSE) -> #REF! | F120: 40 | G120: Kapitel | H120: =VLOOKUP(F120,IT!B:C,3,FALSE) -> #REF! | I120: =CONCATENATE("Nicht kumulierbar mit ",G120,": ",F120) -> Nicht kumulierbar mit Kapitel: 40 | J120: =CONCATENATE("Non cumulable avec ",$P$1," : ",F120) -> Non cumulable avec chapitre : 40 | K120: =CONCATENATE("Non cumulabile col ",$Q$1,": ",F120) -> Non cumulabile col capitolo: 40 | L120: 45292 | M120: 401768
A121: Exklusion | C121: 10.122.000 | D121: Leistung | E121: =VLOOKUP(C121,IT!C:C,2,FALSE) -> #REF! | F121: 50 | G121: Kapitel | H121: =VLOOKUP(F121,IT!B:C,3,FALSE) -> #REF! | I121: =CONCATENATE("Nicht kumulierbar mit ",G121,": ",F121) -> Nicht kumulierbar mit Kapitel: 50 | J121: =CONCATENATE("Non cumulable avec ",$P$1," : ",F121) -> Non cumulable avec chapitre : 50 | K121: =CONCATENATE("Non cumulabile col ",$Q$1,": ",F121) -> Non cumulabile col capitolo: 50 | L121: 45292 | M121: 401768
A122: Exklusion | C122: 10.122.000 | D122: Leistung | E122: =VLOOKUP(C122,IT!C:C,2,FALSE) -> #REF! | F122: 60 | G122: Kapitel | H122: =VLOOKUP(F122,IT!B:C,3,FALSE) -> #REF! | I122: =CONCATENATE("Nicht kumulierbar mit ",G122,": ",F122) -> Nicht kumulierbar mit Kapitel: 60 | J122: =CONCATENATE("Non cumulable avec ",$P$1," : ",F122) -> Non cumulable avec chapitre : 60 | K122: =CONCATENATE("Non cumulabile col ",$Q$1,": ",F122) -> Non cumulabile col capitolo: 60 | L122: 45292 | M122: 401768
A123: Exklusion | C123: 10.122.000 | D123: Leistung | E123: =VLOOKUP(C123,IT!C:C,2,FALSE) -> #REF! | F123: 70 | G123: Kapitel | H123: =VLOOKUP(F123,IT!B:C,3,FALSE) -> #REF! | I123: =CONCATENATE("Nicht kumulierbar mit ",G123,": ",F123) -> Nicht kumulierbar mit Kapitel: 70 | J123: =CONCATENATE("Non cumulable avec ",$P$1," : ",F123) -> Non cumulable avec chapitre : 70 | K123: =CONCATENATE("Non cumulabile col ",$Q$1,": ",F123) -> Non cumulabile col capitolo: 70 | L123: 45292 | M123: 401768
...
